Cogmind - Beta 16.1 @@@ ROGUE MODE // 2026.04.15 @ 22:55:48 Player: the Result: Defending 0bPrime! Performance ------------- Evolutions (8) 4000 Regions Visited (25) 5000 Robots Destroyed (413) 2065 Value Destroyed (22599) 22599 Prototype IDs (132) 2640 Alien Tech Used (5) 1000 Bonus (32214) 32214 TOTAL SCORE: 69518 Bonus ------- High Alert Combat Kills 12259 Follower Combat Kills 820 Registered with UFD 300 Met Optimus in HQ 500 Met Zhirov 300 Met Warlord at Base 500 MAIN.C Attacked Warlord 500 Warlord Defense Kills 4170 Found Hidden Lab 3000 Met Optimus at Protoforge 1000 Executed Drillbomb Mission 10000 Win 3000 Friendly Fire -4135 Cogmind --------- Core Integrity 956/1450 Matter 300/300 Energy 600/600 System Corruption 10% Temperature Cool (0) Movement Walking (100) Location 0bPrime Parts ------- > --- POWER (2) -------- Improved Quantum Reactor Improved Quantum Reactor > --- PROPULSION (6) --- Enhanced Biometal Leg Enhanced Biometal Leg Enhanced Biometal Leg Enhanced Biometal Leg Enhanced Biometal Leg Enhanced Biometal Leg > --- UTILITY (9) ------ Concept Antigrav Storage Unit Experimental Optical Array Experimental Targeting Computer Experimental Core Analyzer Concept Core Analysis Suite Concept Recoil Nullifier Experimental Kinecellerator Concept Energy Mantle Concept Matter Streamer > --- WEAPON (6) ------- Helical Railgun Helical Railgun Helical Railgun Helical Railgun Helical Railgun Helical Railgun > --- INVENTORY (25) --- Biometal Leg Biometal Leg Enhanced Biometal Leg Concept Gyrokinetic System Concept Gyrokinetic System Concept Gyrokinetic System Concept Gyrokinetic System Concept Chromion Battery (800) Concept NT7 Matterbank (750) Concept NT7 Matterbank (750) Concept Networked Targeting System Concept Weapon Articulator Experimental Kinecellerator Mini Quantum Capacitor Transdimensional Reconstructor Subatomic Replicator Concept Plasma Driver Helical Railgun Helical Railgun Helical Railgun Helical Railgun Concept Helical Railcannon Concept Heavy Railcannon Concept Deflector Sword Peak State ------------ > --- POWER ------------ Hybrid Graviton Reactor Concept Zero-point Core > --- PROPULSION ------- Gravjet Array Gravjet Array Gravjet Array > --- UTILITY ---------- Concept Thermoelectric Network Concept Antigrav Storage Unit Experimental Optical Array Experimental Targeting Computer Concept Networked Targeting System Concept Weapon Articulator Concept Core Analysis Suite Concept Recoil Nullifier Concept Energy Mantle > --- WEAPON ----------- Helical Railgun Helical Railgun Helical Railgun Helical Railgun Helical Railgun Helical Railgun > --- INVENTORY -------- Improved Quantum Reactor Concept Gyrokinetic System Concept Gyrokinetic System Concept Gyrokinetic System Concept Gyrokinetic System Concept Chromion Battery Concept NT7 Matterbank Concept NT7 Matterbank Concept NT7 Matterbank Experimental Kinecellerator Experimental Kinecellerator Mini Quantum Capacitor Concept Matter Streamer Transdimensional Reconstructor Subatomic Replicator Concept Plasma Driver Concept Helical Railcannon Concept Heavy Railcannon Concept Arcsight Missile Launcher Concept Deflector Sword [Rating: 260] Favorites ----------- Power Micro Fission Core Engine Heavy Ion Engine Power Core Micro Fission Core Reactor Improved Quantum Reactor Propulsion Light Treads Treads Light Treads Leg Enhanced Biometal Leg Wheel Wheel Hover Unit Gravjet Array Flight Unit Improved Flight Unit Utility Hacking Suite Device Seismic Detector Storage Medium Storage Unit Processor Advanced Signal Interpreter Hackware Hacking Suite Protection Improved Propulsion Shielding Weapon Helical Railgun Energy Gun EM Pulse Gun Energy Cannon Heavy Particle Cannon Ballistic Gun Helical Railgun Ballistic Cannon Light Cannon Launcher Concept Arcsight Missile Launcher Special Weapon Remote Datajack Impact Weapon Mace Slashing Weapon Power Sword Piercing Weapon Enhanced Force Lance Build | -11 -10 -9 -9 -9 -9 -6 -6 -6 -6 -5 -5 -5 -5 -4 -4 -4 -4 -4 -3 -3 -3 -3 -2 -2 -2 ------- Run | Yrd Mat Mat Sto Rec Scr Fac Was Fac Ext Fac Upp Upp Zhi Pro Fac Upp Upp War Pro Res Arm Lab Res Qua Frg Slots Evolved 16 | . . 2 . . . 6 . . . 2 . . . . 2 . . . . 2 . . 2 . . Power 1 | . . . . . . 1 . . . . . . . . . . . . . . . . . . . Propulsion 4 | . . 1 . . . 3 . . . . . . . . . . . . . . . . . . . Utility 7 | . . 1 . . . 2 . . . 2 . . . . 2 . . . . . . . . . . Weapon 4 | . . . . . . . . . . . . . . . . . . . . 2 . . 2 . . Parts Attached 265 | 7 10 25 14 1 15 20 3 3 5 8 . 2 3 1 9 1 . 16 . 8 . 3 6 3 102 Power 36 | 1 2 5 3 . 1 3 . 2 2 3 . . 1 . 1 . . 2 . . . . . 1 9 Engine 17 | 1 2 5 3 . 1 2 . 1 2 . . . . . . . . . . . . . . . . Core 8 | . . . . . . 1 . 1 . 3 . . . . 1 . . 1 . . . . . . 1 Reactor 11 | . . . . . . . . . . . . . 1 . . . . 1 . . . . . 1 8 Propulsion 63 | 2 . 5 7 . 5 5 . 1 . . . . . . 2 . . 1 . 3 . . 5 . 27 Treads 14 | 2 . 5 6 . . . . . . . . . . . . . . . . . . . . . 1 Leg 15 | . . . . . . . . . . . . . . . . . . . . . . . . . 15 Wheel 3 | . . . 1 . 2 . . . . . . . . . . . . . . . . . . . . Hover 9 | . . . . . . . . . . . . . . . . . . . . . . . . . 9 Flight 22 | . . . . . 3 5 . 1 . . . . . . 2 . . 1 . 3 . . 5 . 2 Utility 90 | 2 3 7 1 . 4 9 2 . 3 5 . 1 2 1 6 1 . 7 . 4 . 1 1 2 28 Device 45 | 1 1 4 . . . 7 1 . 1 4 . . . . 1 1 . 5 . 1 . . . 2 16 Storage 12 | 1 2 1 . . 2 . . . 1 . . . 2 . . . . . . . . . . . 3 Processor 15 | . . 2 . . . 2 . . . . . . . . 1 . . 2 . 1 . . . . 7 Hackware 7 | . . . 1 . . . . . . 1 . 1 . 1 1 . . . . 1 . . 1 . . Protection 11 | . . . . . 2 . 1 . 1 . . . . . 3 . . . . 1 . 1 . . 2 Artifact . | . . . . . . . . . . . . . . . . . . . . . . . . . . Weapon 76 | 2 5 8 3 1 5 3 1 . . . . 1 . . . . . 6 . 1 . 2 . . 38 Energy Gun 10 | 1 1 . . . . . . . . . . . . . . . . 2 . . . 1 . . 5 Energy Cannon 9 | . . 2 2 . . 1 . . . . . 1 . . . . . 2 . . . . . . 1 Ballistic Gun 31 | 1 . 3 1 . 1 . . . . . . . . . . . . 1 . . . . . . 24 Ballistic Cannon 8 | . 2 2 . 1 1 . . . . . . . . . . . . . . . . . . . 2 Launcher 7 | . 1 1 . . 1 1 . . . . . . . . . . . 1 . . . . . . 2 Special Weapon 5 | . 1 . . . 1 . . . . . . . . . . . . . . 1 . 1 . . 1 Impact Weapon 1 | . . . . . 1 . . . . . . . . . . . . . . . . . . . . Slashing Weapon 3 | . . . . . . 1 1 . . . . . . . . . . . . . . . . . 1 Piercing Weapon 2 | . . . . . . . . . . . . . . . . . . . . . . . . . 2 Special Melee Weapon . | . . . . . . . . . . . . . . . . . . . . . . . . . . Unidentified Prototypes 42 | . . 2 2 . . 3 2 . . 1 . . 4 . 1 . . 8 . 1 1 4 2 . 11 Parts Lost 40 | . 1 2 3 . . 1 . . 1 . . . . . 1 . . 4 1 . 1 . . . 25 Power 5 | . . . . . . . . . 1 . . . . . 1 . . . . . . . . . 3 Propulsion 8 | . . 1 3 . . . . . . . . . . . . . . . . . . . . . 4 Utility 16 | . 1 1 . . . . . . . . . . . . . . . 3 . . 1 . . . 10 Weapon 11 | . . . . . . 1 . . . . . . . . . . . 1 1 . . . . . 8 Highest Loss Streak 4 | . 1 1 2 . . 1 . . 1 . . . . . 1 . . 4 1 . 1 . . . 3 To Critical Strikes 1 | . . . . . . . . . . . . . . . . . . . . . . . . . 1 Average Backups 14 | 1 12 17 19 19 16 9 10 10 10 9 9 9 10 9 8 9 9 7 8 9 9 6 9 10 17 Power . | . 1 1 1 2 1 . . . 1 1 1 1 1 1 . . . . 1 1 1 . 1 . . Propulsion 2 | . . 3 7 8 6 2 1 . . . . . . . . 1 1 . 1 1 2 . 2 2 2 Utility 4 | . 2 3 3 4 5 5 7 8 8 7 7 7 6 6 4 5 5 3 3 3 3 2 3 3 6 Weapon 4 | 1 9 8 5 3 2 1 1 1 1 . 1 1 2 1 1 2 2 2 2 2 2 1 1 1 5 Tool/Special . | . . . . . . . . . . . . . . . . . . . . . . . . . . Unused Backups 43 | 1 2 14 2 . 2 1 1 . . 2 . . . . 3 . . 1 . 1 . 1 . . 12 Power 7 | . 1 3 1 . . . . . . 2 . . . . . . . . . . . . . . . Propulsion 7 | . . 1 . . . . 1 . . . . . . . 1 . . 1 . . . . . . 3 Utility 17 | 1 1 3 1 . 1 1 . . . . . . . . 2 . . . . . . . . . 7 Weapon 9 | . . 7 . . . . . . . . . . . . . . . . . 1 . 1 . . . Tool/Special 3 | . . . . . 1 . . . . . . . . . . . . . . . . . . . 2 Average Slot Usage (%) 89 | . 98 98 98 100 97 93 93 93 92 93 94 94 94 94 88 89 89 83 89 86 89 85 82 82 66 Engine 6 | . 14 11 11 11 10 11 12 11 5 . . . . . . . . . . . . . . . . Core 2 | . . . . . . . . 1 5 10 11 11 11 11 9 10 10 8 9 9 9 9 8 5 2 Treads 13 | . 27 32 30 33 16 . . . . . . . . . . . . . . . . . . . . Leg 1 | . . . . . . . . . . . . . . . . . . . . . . . . . 10 Flight 12 | . . . . . 8 39 40 40 40 35 35 35 35 35 26 26 26 26 26 26 28 28 26 26 3 Device 11 | . 12 10 10 11 6 15 6 12 10 16 10 10 10 9 13 14 14 10 21 17 17 14 11 11 13 Storage 8 | . 14 11 11 11 10 6 6 6 6 5 5 5 5 5 5 5 5 5 5 4 4 4 4 4 4 Processor 5 | . . 10 . . . 1 6 6 6 5 5 5 5 5 9 10 10 10 10 14 14 14 13 13 8 Hackware 5 | . . . 10 11 11 6 6 6 6 11 11 11 11 11 10 10 10 6 . 2 4 4 7 8 . Protection 1 | . . . . . 3 1 5 . 2 . 5 5 6 6 6 5 5 8 10 2 . . 1 . . Energy Cannon 1 | . . 7 9 3 . . . . . . . . . . . . . . . . . . . . . Ballistic Gun 5 | . . 2 12 17 13 . . . . . . . . . . . . . . . . . . . 10 Ballistic Cannon 5 | . 24 12 . . 3 . . . . . . . . . . . . . . . . . . . . Slashing Weapon 1 | . . . . . . 2 6 6 6 5 5 5 5 5 5 5 5 1 5 4 4 4 4 4 1 Peak Build Rating 260 | 7 8 23 24 24 26 54 60 63 61 77 73 73 76 76 95 95 91 122 114 132 120 137 151 150 260 Average Rating 68 | 6 7 18 23 23 23 44 53 57 58 70 68 68 69 69 85 91 90 100 106 117 118 117 137 140 179 On Entrance 70 | . 7 8 23 23 24 23 50 53 60 58 73 73 69 73 71 95 95 91 112 106 119 116 132 143 145 Avg Prop Armor Cover (%) 4 | . . . 19 . 1 . . . . . . . . . . . . . . 2 . . . . 8 Naked Turns . | . . . . . . . . . . . . . . . . . . . . . . . . . . Heaviest Build 135 | 12 32 62 62 61 67 30 28 34 32 37 37 29 37 29 39 39 29 49 33 33 31 39 39 42 135 Greatest Support 180 | 40 40 63 63 63 63 31 31 32 38 38 32 32 32 38 41 37 37 39 39 46 46 40 46 51 180 Greatest Overweight (x) 17 | . . 1 6 . 2 . . 1 . 1 1 . 1 . 1 1 . 1 . . . . 1 . 17 Average Overweight (x) . | . . . 1 . . . . . . . . . . . . . . . . . . . . . . Largest Inventory Capacity 25 | 8 15 20 20 20 20 20 10 10 10 10 10 10 10 10 10 10 10 10 10 10 10 10 10 10 25 Average Capacity 16 | 7 14 19 20 20 17 10 10 10 10 10 10 10 10 10 10 10 10 10 10 10 10 10 10 10 23 Most Carried 25 | 4 15 20 20 20 20 19 10 10 10 10 10 10 10 10 10 10 10 10 9 10 10 10 10 10 25 Average Carried 14 | 1 12 17 19 19 16 10 9 9 10 9 9 9 9 9 9 9 10 8 8 9 9 6 9 9 18 Final Capacity 25 | 8 15 20 20 20 20 10 10 10 10 10 10 10 10 10 10 10 10 10 10 10 10 10 10 10 25 Final Carried 25 | 4 15 20 20 19 20 10 10 10 10 9 9 10 9 10 9 9 10 8 9 10 9 10 10 10 25 Scrap Suit Usage (%) 1 | . . . . . . . . . . . . . . . . . . . . . . . . . 2 Class Distribution -------------------- 33% | Mutant 18% | Scavenger-Mutant 8% | Hacker-Ninja 7% | Scavenger-Executioner 7% | Sprinter 6% | Hacker-Scout 6% | Scout 3% | Derelict-Mutant 3% | Infiltrator-Ninja 3% | Hacker-Sprinter Dominant Class ---------------- Mutant | -10/Materials Mutant | -9/Materials Scavenger-Mutant | -9/Storage Scavenger-Mutant | -9/Recycling Scavenger-Mutant | -9/Scraptown Sprinter | -6/Factory Sprinter | -6/Waste Scout | -6/Factory Scout | -6/Extension Hacker-Scout | -5/Factory Hacker-Scout | -5/Upper Caves Hacker-Scout | -5/Upper Caves Hacker-Scout | -5/Zhirov Hacker-Sprinter | -4/Proximity Caves Hacker-Ninja | -4/Factory Hacker-Ninja | -4/Upper Caves Hacker-Ninja | -4/Upper Caves Hacker-Sprinter | -4/Warlord Infiltrator-Ninja | -3/Proximity Caves Infiltrator-Ninja | -3/Research Infiltrator-Ninja | -3/Armory Infiltrator-Ninja | -3/Lab Hacker-Scout | -2/Research Hacker-Ninja | -2/Quarantine Scavenger-Executioner | -2/Protoforge Resources | -11 -10 -9 -9 -9 -9 -6 -6 -6 -6 -5 -5 -5 -5 -4 -4 -4 -4 -4 -3 -3 -3 -3 -2 -2 -2 ----------- Run | Yrd Mat Mat Sto Rec Scr Fac Was Fac Ext Fac Upp Upp Zhi Pro Fac Upp Upp War Pro Res Arm Lab Res Qua Frg Matter Collected 14871 | 98 1048 1046 686 135 180 279 177 55 85 230 4 169 . 223 309 36 84 405 40 . . . 246 . 9336 Remotely 2258 | . . . . . . . . . . . . . . . . . . . . . . . . . 2258 Salvage Created 18489 | 163 794 1569 1097 . . 358 139 . 256 327 . . . . 370 . 95 1044 84 . . . 246 . 11947 Parts 868 | 10 42 104 80 . . 6 8 . 9 26 . . . . 9 . . 35 8 . . . 11 . 520 Haulers Intercepted 13 | . 2 5 1 . . 1 . . . 2 . . . . 2 . . . . . . . . . . Recyclers Shooed 11 | 1 4 3 . . . 1 . . 1 . . . . . . . . . . . . . 1 . . Parts Field Recycled . | . . . . . . . . . . . . . . . . . . . . . . . . . . Retrieved Matter . | . . . . . . . . . . . . . . . . . . . . . . . . . . Parts Self-Destructed 7 | . . . . . . . . . . . . . . . . . . . 7 . . . . . . Prevented . | . . . . . . . . . . . . . . . . . . . . . . . . . . Parts Restored . | . . . . . . . . . . . . . . . . . . . . . . . . . . Kills | -11 -10 -9 -9 -9 -9 -6 -6 -6 -6 -5 -5 -5 -5 -4 -4 -4 -4 -4 -3 -3 -3 -3 -2 -2 -2 ------- Run | Yrd Mat Mat Sto Rec Scr Fac Was Fac Ext Fac Upp Upp Zhi Pro Fac Upp Upp War Pro Res Arm Lab Res Qua Frg Combat Hostiles Destroyed 320 | . 12 37 22 . . 7 . . 2 5 . . . 2 2 . . 32 4 . . . . . 195 Melee 11 | . . . . . . . . . 2 . . . . . . . . . 2 . . . . . 7 Guns 142 | . . 1 10 . . . . . . . . . . . . . . 4 . . . . . . 127 Cannons 48 | . 9 19 9 . . . . . . . . . . . . . . . . . . . . . 11 AOE 113 | . 3 17 3 . . 7 . . . 5 . . . 2 2 . . 28 2 . . . . . 44 Classes Destroyed 29 | 2 7 2 . . . . 1 . 1 . . . . 1 1 . . 5 . . . . . . 9 Worker 16 | . 1 5 3 . . 2 . . . 2 . . . . 1 . . . . 1 . . 1 . . Builder 5 | . 1 2 . . . . . . . 2 . . . . . . . . . . . . . . . Tunneler 8 | 3 2 2 . . . 1 . . . . . . . . . . . . . . . . . . . Hauler 14 | . 2 5 1 . . 1 . . . 2 . . . . 2 . . . . . . . . . 1 Recycler 16 | 1 5 5 . . . 1 . . 1 . . . . . 1 . . . . . . . 2 . . Mechanic 4 | . . 2 1 . . . . . . . . . . . . . . . . . . . . . 1 Operator 7 | . 3 2 . . . . . . . . . . . . . . . . . . . . . . 2 Drone 10 | . . . . . . . . . . . . . . 2 . . . . 1 . . . . . 7 Watcher 14 | . 3 4 1 . . . . . 1 2 . . . . 1 . . . . . . . . . 2 Swarmer 57 | . 3 16 3 . . 7 . . . 5 . . . . . . . 3 3 . . . . . 17 Saboteur 2 | . . . . . . . . . . . . . . . . . . . . . . . . . 2 Grunt 81 | . 9 14 10 . . . . . . . . . . . . . . 10 . . . . . . 38 Brawler 13 | . . . . . . . . . . . . . . . . . . 2 . . . . . . 11 Duelist 9 | . . . . . . . . . . . . . . . . . . 1 . . . . . . 8 Protector 14 | . . . . . . . . . . . . . . . . . . 3 . . . . . . 11 Researcher 1 | . . . . . . . . . . . . . . . . . . . . . . . . . 1 Sentry 26 | . . 7 9 . . . . . 1 . . . . . . . . . . . . . . . 9 Demolisher 4 | . . . . . . . . . . . . . . . . . . 4 . . . . . . . Hunter 19 | . . . . . . . . . 1 . . . . . . . . 1 . . . . . . 17 Programmer 21 | . . . . . . . . . . . . . . . 2 . . 7 . . . . . . 12 Behemoth 1 | . . . . . . . . . . . . . . . . . . . . . . . . . 1 Hotshot 2 | . . . . . . . . . . . . . . . . . . . . . . . . . 2 Decapitator 8 | . . . . . . . . . . . . . . . . . . . . . . . . . 8 Immortal 2 | . . . . . . . . . . . . . . . . . . . . . . . . . 2 Striker 18 | . . . . . . . . . . . . . . . . . . 1 . . . . . . 17 Executioner 29 | . . . . . . . . . . . . . . . . . . . . . . . . . 29 Alpha 7 2 | . . . . . . . . . . . . . . . . . . . . . . . . . 2 V-Series 1 | . . . . . . . . . . . . . . . . . . . . . . . . . 1 Elite 2 | . . . . . . . . . . . . . . . . . . . . . . . . . 2 Scrapoid 3 | . . . . . . . . . . . . . . . . . . . . . . . . . 3 Packrat 1 | . . . . . . . . . . . . . . . . . 1 . . . . . . . . Martyr 2 | . . . . . . . 2 . . . . . . . . . . . . . . . . . . Mutant 3 | . . . . . . . . . . . . . . . . . . 3 . . . . . . . Best Kill Streak 21 | 4 4 10 5 . . 4 . . 2 11 . . . 1 5 . . 8 3 1 . . 2 . 21 Combat Bots Only 21 | . 4 7 5 . . 4 . . 2 5 . . . 1 2 . . 8 3 . . . . . 21 Max Kills in Single Turn 9 | 1 3 3 2 . . 4 1 . 1 6 . . . 1 2 . 1 5 2 1 . . 1 . 9 Gunslinging 2 | . . . . . . . . . . . . . . . . . . . . . . . . . 2 Exploded 8 | . 3 3 2 . . 4 . . . 3 . . . 1 1 . . 5 2 . . . . . 8 Melee 1 | . . . . . . . . . 1 . . . . . . . . . 1 . . . . . 1 Uniques/NPCs Destroyed . | . . . . . . . . . . . . . . . . . . . . . . . . . . Combat | -11 -10 -9 -9 -9 -9 -6 -6 -6 -6 -5 -5 -5 -5 -4 -4 -4 -4 -4 -3 -3 -3 -3 -2 -2 -2 -------- Run | Yrd Mat Mat Sto Rec Scr Fac Was Fac Ext Fac Upp Upp Zhi Pro Fac Upp Upp War Pro Res Arm Lab Res Qua Frg Hostile Shots Fired 922 | . 52 113 120 . . 29 . 3 9 16 . 1 . 6 23 . . 6 2 15 4 . 6 4 513 Missed 320 | . 17 40 24 . . 20 . 1 6 8 . . . 4 9 . . 4 . 8 2 . 5 3 169 Hits 602 | . 35 73 96 . . 9 . 2 3 8 . 1 . 2 14 . . 2 2 7 2 . 1 1 344 Melee 30 | . . . . . . . . . . . . . . . . . . . . . . . . . 30 Projectile 572 | . 35 73 96 . . 9 . 2 3 8 . 1 . 2 14 . . 2 2 7 2 . 1 1 314 AOE 8 | . . . . . . . . . . . . . . . . . . . . . 1 . . . 7 Critical Strikes 45 | . 1 2 4 . . . . . 2 . . . . 1 1 . . . . 1 . . . . 33 Part Disruptions 2 | . . . . . . . . . . . . . . . . . . . . . . . . 1 1 Damage Taken 11768 | . 456 888 1323 . . 96 . 59 78 128 . 19 . 38 287 . . 430 104 246 85 . 26 212 7293 Core 1651 | . 107 176 172 . . 29 . . 7 31 . . . 38 41 . . 122 19 110 13 . . 92 694 Absorbed by Shields 2758 | . . . . . . . . . 22 . . . . . . . . . . . 11 . . . 2725 Redirected to Shielding 130 | . . . . . . . . . 10 . . . . . 23 . . . 28 58 11 . . . . Ignored by Resistances 758 | . . . . . . . . . . . . . . . . . . . . . . . . . 758 Regen/Repaired (Parts) 500 | . 159 41 . . 127 . 29 . . . . . . . . . . 14 . . . . 9 11 110 Core Remaining (%) 74 | 100 57 . . . 13 . . . 95 . . . . 93 . . . . 84 . . 85 . . 65 Volleys Fired 678 | 12 104 130 85 9 . 3 . 1 . 2 . 4 . 5 8 . . 33 2 7 . . 5 1 267 Largest 6 | 2 2 2 2 2 . 1 . 1 . 1 . 1 . 1 1 . . 2 1 1 . . 1 1 6 Hottest 228 | 60 100 150 150 50 . 43 . 43 . 43 . 105 . 105 43 . . 100 100 100 . . 100 100 228 Shots Fired 1575 | 24 190 233 154 11 . 3 . 1 . 2 . 4 . 5 8 . . 35 2 7 . . 5 1 890 Gun 975 | 24 10 10 76 4 . . . . . . . . . . . . . 24 . . . . . . 827 Cannon 523 | . 172 211 74 7 . . . . . . . 4 . 3 . . . 1 1 7 . . 5 1 37 Launcher 68 | . 1 12 4 . . 3 . 1 . 2 . . . 2 8 . . 10 1 . . . . . 24 Special 9 | . 7 . . . . . . . . . . . . . . . . . . . . . . . 2 Kinetic 1156 | 12 172 113 76 11 . . . . . . . . . . . . . . . . . . . . 772 Thermal 208 | . 7 108 74 . . . . . . . . 4 . 3 . . . . . . . . . . 12 Explosive 58 | . 1 12 4 . . 3 . 1 . 2 . . . 2 8 . . . 1 . . . . . 24 Electromagnetic 67 | 12 10 . . . . . . . . . . . . . . . . . . . . . . . 45 Entropic 84 | . . . . . . . . . . . . . . . . . . 35 1 7 . . 5 1 35 Robot Hit Streak 61 | 5 9 9 15 1 . . . . . . . . . . 4 . . 16 . . . . . . 61 Robot Miss Streak 7 | 1 7 3 5 1 . . . . . . . . . . 3 . . 1 . . . . . . 6 Penetration Max 2 | . . . . . . . . . . . . . . . . . . 1 . . . . . . 2 Secondary Targets 59 | . . . 1 . . . . . . . . . . . . . . . . . . . . . 58 Max Gunslinging Chain 2 | . . . 1 . . . . . . . . . . . . . . . . . . . . . 2 Shots Hit Robots 1036 | 12 100 123 86 2 . 10 2 2 11 12 . . . . 24 . 1 25 2 1 . . 4 . 619 Core Hits 692 | 6 31 68 39 . . 12 2 . 4 17 . . . 1 13 . . 61 4 1 . . 3 . 430 Critical Kills 24 | . . . . . . . . . . . . . . . . . . . . . . . . . 24 Critical Parts Destroyed 23 | 1 . . . . . 1 . . . . . . . . . . . 5 . . . . . . 16 Critical Strikes 71 | 1 5 2 . . . 4 . . . . . . . . . . . 5 . 1 . . . . 53 Meltdown 4 | . . . . . . . . . . . . . . . . . . . . . . . . . 4 Destroy 39 | 1 . . . . . . . . . . . . . . . . . . . . . . . . 38 Blast 8 | . 5 2 . . . . . . . . . . . . . . . . . . . . . . 1 Corrupt 1 | . . . . . . . . . . . . . . . . . . . . . . . . . 1 Smash 1 | . . . . . . 1 . . . . . . . . . . . . . . . . . . . Sever 3 | . . . . . . 3 . . . . . . . . . . . . . . . . . . . Impale 1 | . . . . . . . . . . . . . . . . . . . . . . . . . 1 Detonate 5 | . . . . . . . . . . . . . . . . . . 5 . . . . . . . Sunder 9 | . . . . . . . . . . . . . . . . . . . . 1 . . . . 8 Melee Attacks 270 | . . . . . . 31 2 12 22 34 . 5 . 7 45 2 4 . 5 23 8 9 15 4 42 Impact 16 | . . . . . . 16 . . . . . . . . . . . . . . . . . . . Slashing 235 | . . . . . . 15 2 12 22 34 . 5 . 7 45 2 4 . 5 23 8 9 15 4 23 Piercing 19 | . . . . . . . . . . . . . . . . . . . . . . . . . 19 Sneak Attacks 38 | . . . . . . 7 2 1 3 4 . . . . 5 . 1 . . . . . 3 . 12 Combat Hostiles 1 | . . . . . . . . . 1 . . . . . . . . . . . . . . . . Follow-up Attacks . | . . . . . . . . . . . . . . . . . . . . . . . . . . Damage Inflicted 73490 | 131 2050 4164 2046 55 . 1305 168 156 676 1361 . . . 149 1512 . 92 11965 293 126 . . 279 . 46962 Guns 26694 | 131 85 123 884 39 . . . . . . . . . . . . . 1267 . . . . . . 24165 Cannons 8455 | . 1767 2883 1025 . . . . . . . . . . . . . . . . 76 . . . . 2704 Explosions 32208 | . 184 1075 119 . . 643 . . . 570 . . . 149 528 . . 10698 215 . . . . . 18027 Melee 6002 | . . . . . . 662 168 156 676 791 . . . . 984 . 92 . 78 50 . . 279 . 2066 Ramming 131 | . 14 83 18 16 . . . . . . . . . . . . . . . . . . . . . Kinetic 27728 | 76 1767 1517 884 39 . . . . . . . . . . . . . . . . . . . . 23445 Thermal 5040 | . 43 1489 1025 . . 265 . . . . . . . . . . . 1432 . . . . . . 786 Explosive 21093 | . 141 1075 119 . . 378 . . . 570 . . . 149 528 . . . 215 . . . . . 17918 Electromagnetic 653 | 55 85 . . . . . . . . . . . . . . . . . . . . . . . 513 Impact 294 | . . . . . . 294 . . . . . . . . . . . . . . . . . . . Slashing 5042 | . . . . . . 368 168 156 676 791 . . . . 984 . 92 . 78 50 . . 279 . 1400 Piercing 666 | . . . . . . . . . . . . . . . . . . . . . . . . . 666 Entropic 12843 | . . . . . . . . . . . . . . . . . . 10533 . 76 . . . . 2234 Highest Corruption 14 | . . 2 2 2 . 1 1 1 1 . . . . . . . . 14 14 . . . . 2 10 Average Corruption 4 | . . 2 2 2 . 1 1 1 1 . . . . . . . . 14 14 . . . . 1 7 Corruption Purged . | . . . . . . . . . . . . . . . . . . . . . . . . . . Corruption Blocked . | . . . . . . . . . . . . . . . . . . . . . . . . . . Effects 161 | . . 4 21 12 . . 1 4 1 . . . . . . . . 12 1 . . . . . 105 Message Errors 38 | . . . 6 . . . . . . . . . . . . . . 1 1 . . . . . 30 Matter Fused 43 | . . 1 8 3 . . . . . . . . . . . . . 4 . . . . . . 27 Heat Flow Errors 18 | . . 3 2 3 . . . 2 . . . . . . . . . 2 . . . . . . 6 Energy Discharges 20 | . . . 1 2 . . . 1 . . . . . . . . . 2 . . . . . . 14 Parts Rejected 4 | . . . 1 . . . . . . . . . . . . . . . . . . . . . 3 Data Loss (minor) 21 | . . . 2 4 . . . 1 1 . . . . . . . . 2 . . . . . . 11 Data Loss (major) 8 | . . . 1 . . . 1 . . . . . . . . . . . . . . . . . 6 Misdirections 1 | . . . . . . . . . . . . . . . . . . 1 . . . . . . . Weapon Failures 8 | . . . . . . . . . . . . . . . . . . . . . . . . . 8 Overload Shots . | . . . . . . . . . . . . . . . . . . . . . . . . . . Overflow Damage 2652 | . 9 91 27 . . 231 . 91 178 16 . . . 28 80 . 84 573 50 . . . 42 . 1152 Projectiles 172 | . 9 59 10 . . . . . . . . . . . . . . . . . . . . . 94 Explosions 1286 | . . 32 17 . . 63 . . . . . . . 28 8 . . 573 50 . . . . . 515 Melee 1194 | . . . . . . 168 . 91 178 16 . . . . 72 . 84 . . . . . 42 . 543 Knockbacks 21 | . 15 4 . . . 1 . . . . . . . . . . . . . . . . . . 1 Impact 1 | . . . . . . 1 . . . . . . . . . . . . . . . . . . . Kinetic 20 | . 15 4 . . . . . . . . . . . . . . . . . . . . . . 1 Secondary . | . . . . . . . . . . . . . . . . . . . . . . . . . . Self-Inflicted Damage 484 | . 5 92 9 . . . . 34 . . . . . . . . . . 59 . . . . . 285 Shots 11 | . 1 3 1 . . . . 1 . . . . . . . . . . 1 . . . . . 4 Rammed 20 | . 6 8 5 1 . . . . . . . . . . . . . . . . . . . . . Targets Rammed 24 | . 6 11 6 1 . . . . . . . . . . . . . . . . . . . . . Kicked . | . . . . . . . . . . . . . . . . . . . . . . . . . . Crushed 4 | . . 3 1 . . . . . . . . . . . . . . . . . . . . . . Highest Temperature 428 | 60 117 428 339 214 . 198 198 226 94 142 291 293 120 174 108 . . 376 102 298 122 168 300 76 276 Average Temperature 68 | 25 36 82 89 75 . 54 89 48 27 37 106 98 50 68 41 . . 51 41 89 55 59 92 40 104 Received Heat Transfer 1639 | . 276 273 651 . . 12 . . . 9 . . . . 24 . . . . . 6 . . 9 379 Thermoelectric Energy+ 5 | . . . . . . . . . . . . . . . . . . . . . . . . . 5 Effects 4 | . . 1 . . . . . . . . . 1 . . . . . 1 . . . . 1 . . Shutdowns 1 | . . . . . . . . . . . . . . . . . . 1 . . . . . . . Energy Bleed 3 | . . 1 . . . . . . . . . 1 . . . . . . . . . . 1 . . Siege Activations . | . . . . . . . . . . . . . . . . . . . . . . . . . . Martial Activations . | . . . . . . . . . . . . . . . . . . . . . . . . . . Shielding Activations . | . . . . . . . . . . . . . . . . . . . . . . . . . . Robots Disrupted 1 | . . . . . . . . . . . . . . . . . . . . . . . . . 1 Combat Hostiles 1 | . . . . . . . . . . . . . . . . . . . . . . . . . 1 Robots Corrupted 5 | . . . . . . 3 . . . . . . . . . . . . . . . . . . 2 Combat Hostiles 2 | . . . . . . . . . . . . . . . . . . . . . . . . . 2 Parts Fried 13 | . . . . . . 9 . . . . . . . . . . . . . . . . . . 4 Impact Corruptions 6 | . . . . . . 6 . . . . . . . . . . . . . . . . . . . Robots Melted 4 | . . . . . . . . . . . . . . . . . . . . . . . . . 4 Combat Hostiles 4 | . . . . . . . . . . . . . . . . . . . . . . . . . 4 Parts Melted 17 | . . 4 4 . . . . . 1 . . . . . . . . . . . . . . . 8 Heat Transferred 5181 | . . 2183 1373 . . 200 . . . . . . . . . . . 975 . . . . . . 450 Parts Sabotaged . | . . . . . . . . . . . . . . . . . . . . . . . . . . Parts Stolen . | . . . . . . . . . . . . . . . . . . . . . . . . . . Parts Stripped . | . . . . . . . . . . . . . . . . . . . . . . . . . . Power Chain Reactions 2 | . 1 . . . . . . . . . . . . . . . . . . . . . . . 1 Alert | -11 -10 -9 -9 -9 -9 -6 -6 -6 -6 -5 -5 -5 -5 -4 -4 -4 -4 -4 -3 -3 -3 -3 -2 -2 -2 ------- Run | Yrd Mat Mat Sto Rec Scr Fac Was Fac Ext Fac Upp Upp Zhi Pro Fac Upp Upp War Pro Res Arm Lab Res Qua Frg Maximum Alert Level 5 | . . 3 2 1 . 1 . 1 1 1 . . . . . . . . . . . . . . 5 Low Security (%) 51 | 100 100 45 . 56 . 56 100 80 40 84 . . . . 100 . . . . 100 100 . 100 100 7 Level 1 12 | . . 2 25 43 . 43 . 19 59 15 . . . . . . . . . . . . . . 6 Level 2 24 | . . 39 74 . . . . . . . . . . . . . . . . . . . . . 46 Level 3 3 | . . 12 . . . . . . . . . . . . . . . . . . . . . . 3 Level 4 1 | . . . . . . . . . . . . . . . . . . . . . . . . . 4 Level 5 7 | . . . . . . . . . . . . . . . . . . . . . . . . . 31 High Security . | . . . . . . . . . . . . . . . . . . . . . . . . . . Max Security . | . . . . . . . . . . . . . . . . . . . . . . . . . . Peak Influence 4788 | 10 192 747 654 265 . 272 79 258 359 222 . . . . 105 . . . . 195 153 . 66 53 4788 Initial 299 | . . 59 299 235 . . 79 . 121 73 . . . . . . . . . 16 98 . . 30 10 Average 513 | 1 88 331 488 169 . 117 35 116 228 128 . . . . 27 . . . . 29 110 . 19 32 1495 Influence Increases 12487 | 20 504 1404 823 221 . 434 . 510 732 376 . . . 10 268 . . 625 75 338 147 . 180 39 5781 Destroy 0b10 Robot/C 6520 | . 240 740 440 . . 140 . 200 340 140 . . . . 40 . . 580 60 . 40 . . . 3560 Destroy 0b10 Robot/NC 550 | 20 85 135 30 . . 25 . . 20 45 . . . 10 25 . . 15 5 5 . . 15 . 115 Destroy Leader 1128 | . 70 198 124 . . 22 . 70 44 30 . . . . 16 . . . 10 . . . . . 544 Allied During Kill 346 | . . . . . . . . 106 218 8 . . . . 1 . . . . . 9 . . . 4 Successful Hack 252 | . 11 31 13 8 . 44 . 42 24 25 . . . . 21 . . . . 14 4 . 15 . . Select Force Hacks 210 | . . . . 210 . . . . . . . . . . . . . . . . . . . . . Disable Machine 915 | . 30 165 60 . . 30 . 45 45 . . . . . 30 . . . . . 60 . . 30 420 Anti-Garrison Action 300 | . . . . . . . . . . . . . . . . . . . . 150 . . . . 150 Destroy Structure 1216 | . 23 120 51 3 . 53 . 47 11 68 . . . . 90 . . . . 64 4 . 60 9 613 Partial Spotted 375 | . . . . . . 60 . . 30 60 . . . . 45 . . . . 75 30 . . . 75 Lose Combat Pursuer 675 | . 45 15 105 . . 60 . . . . . . . . . . . 30 . 30 . . 90 . 300 Influence Decreases 7704 | 20 363 836 926 793 34 207 227 262 829 377 150 . . 10 230 38 . 290 385 176 199 135 125 75 1017 Entered New Map 1923 | . . 82 410 371 34 . 148 . 127 78 56 . . . . 15 . . 335 9 89 135 . 25 9 Time Decay 4510 | 20 353 584 486 422 . 187 79 132 342 209 94 . . 10 190 23 . 250 40 167 60 . 74 50 738 Lost Part 400 | . 10 20 30 . . 10 . . 10 . . . . . 10 . . 40 10 . 10 . . . 250 Lost Ally 571 | . . . . . . 10 . 130 200 90 . . . . 30 . . . . . 40 . 51 . 20 Purge Threat 300 | . . 150 . . . . . . 150 . . . . . . . . . . . . . . . . Squads Dispatched 77 | . 3 6 3 . . 12 . 8 2 6 . . . . 8 . . . . 5 2 . 3 1 18 Investigation 32 | . 1 1 . . . 8 . 2 2 4 . . . . 4 . . . . 1 . . 2 . 7 Extermination 11 | . . . . . . 2 . 1 . 1 . . . . 2 . . . . 1 1 . 1 1 1 Reinforcement 23 | . 2 4 . . . 2 . 2 . 1 . . . . 2 . . . . 1 1 . . . 8 Assault 7 | . . 1 2 . . . . . . . . . . . . . . . . 2 . . . . 2 Garrison 4 | . . . 1 . . . . 3 . . . . . . . . . . . . . . . . . Intercept . | . . . . . . . . . . . . . . . . . . . . . . . . . . Searches Triggered . | . . . . . . . . . . . . . . . . . . . . . . . . . . Construction Impeded 3 | . . 2 . . . . . . . . . . . . 1 . . . . . . . . . . Haulers Reinforced 2 | . . . . . . . . . . 1 . . . . 1 . . . . . . . . . . Active Scanning Responses . | . . . . . . . . . . . . . . . . . . . . . . . . . . Cargo Convoy Interrupts . | . . . . . . . . . . . . . . . . . . . . . . . . . . Stealth | -11 -10 -9 -9 -9 -9 -6 -6 -6 -6 -5 -5 -5 -5 -4 -4 -4 -4 -4 -3 -3 -3 -3 -2 -2 -2 --------- Run | Yrd Mat Mat Sto Rec Scr Fac Was Fac Ext Fac Upp Upp Zhi Pro Fac Upp Upp War Pro Res Arm Lab Res Qua Frg Distress Signals 26 | . . 2 3 . . . . 1 . 2 . . . . 1 . . 2 . 1 2 . . 1 11 Communications Jammed 29 | . . . . . . . . . . . . . . . . . . . 1 8 2 . . . 18 Distress Signals 28 | . . . . . . . . . . . . . . . . . . . . 8 2 . . . 18 Times Spotted 675 | . 23 54 37 . . 19 . 6 17 20 . 5 . 5 15 . . 79 2 16 6 . 10 8 353 Peak Tracking Total 15 | . 3 8 6 . . 5 . 3 4 6 . 3 . 4 3 . . 14 1 5 5 . 7 4 15 Tactical Retreats 46 | . 3 1 5 . . 3 . . . 5 . 3 . 1 1 . . 2 . 4 . . 2 3 13 ECM-based Alert Blocks 33 | . . . . . . 1 . . . 11 . 5 . 4 1 . . . . 2 . . . 9 . Traps | -11 -10 -9 -9 -9 -9 -6 -6 -6 -6 -5 -5 -5 -5 -4 -4 -4 -4 -4 -3 -3 -3 -3 -2 -2 -2 ------- Run | Yrd Mat Mat Sto Rec Scr Fac Was Fac Ext Fac Upp Upp Zhi Pro Fac Upp Upp War Pro Res Arm Lab Res Qua Frg Traps Triggered 38 | . 1 1 3 . . 4 . . 3 1 . . . . 1 . . 1 . . 3 . 1 3 16 Indirectly . | . . . . . . . . . . . . . . . . . . . . . . . . . . Trap Hack Attempts . | . . . . . . . . . . . . . . . . . . . . . . . . . . Triggered . | . . . . . . . . . . . . . . . . . . . . . . . . . . Disarmed . | . . . . . . . . . . . . . . . . . . . . . . . . . . Reprogrammed . | . . . . . . . . . . . . . . . . . . . . . . . . . . Reused . | . . . . . . . . . . . . . . . . . . . . . . . . . . Traps Extracted . | . . . . . . . . . . . . . . . . . . . . . . . . . . Installed . | . . . . . . . . . . . . . . . . . . . . . . . . . . Triggered . | . . . . . . . . . . . . . . . . . . . . . . . . . . Most Traps Carried 2 | . . . . . 2 2 . . . . . . . . . . . . . . . . . . . Machines | -11 -10 -9 -9 -9 -9 -6 -6 -6 -6 -5 -5 -5 -5 -4 -4 -4 -4 -4 -3 -3 -3 -3 -2 -2 -2 ---------- Run | Yrd Mat Mat Sto Rec Scr Fac Was Fac Ext Fac Upp Upp Zhi Pro Fac Upp Upp War Pro Res Arm Lab Res Qua Frg Machines Disabled 74 | . 3 11 4 . . 2 . 3 4 . . . . . 2 . . 2 . 1 4 2 . 2 34 Max in Single Turn 4 | . 1 2 1 . . 1 . 2 1 . . . . . 1 . . 1 . 1 1 1 . 1 4 Garrison Access 6 | . . . 1 . . . . . . 1 . . . . 1 . . . . 2 . . . . 1 Machines Repaired . | . . . . . . . . . . . . . . . . . . . . . . . . . . Machines Dismantled . | . . . . . . . . . . . . . . . . . . . . . . . . . . Machines Sabotaged . | . . . . . . . . . . . . . . . . . . . . . . . . . . Overloaded Fab Kills . | . . . . . . . . . . . . . . . . . . . . . . . . . . Hacking | -11 -10 -9 -9 -9 -9 -6 -6 -6 -6 -5 -5 -5 -5 -4 -4 -4 -4 -4 -3 -3 -3 -3 -2 -2 -2 --------- Run | Yrd Mat Mat Sto Rec Scr Fac Was Fac Ext Fac Upp Upp Zhi Pro Fac Upp Upp War Pro Res Arm Lab Res Qua Frg Machines Accessed 132 | . 9 11 5 12 3 15 . 9 11 10 1 1 4 . 16 . . 2 . 7 2 . 6 3 5 Terminals 65 | . 6 7 3 5 . 5 . 6 10 5 . . . . 8 . . . . 3 2 . 3 1 1 Fabricators 2 | . . . . . . 1 . . . . . . . . . . . . . . . . 1 . . Repair Stations 5 | . 1 1 . . . 1 . 1 . . . . . . 1 . . . . . . . . . . Recycling Units 34 | . 2 1 1 7 . 7 . 1 1 4 . . . . 4 . . . . 1 . . 2 . 3 Scanalyzers 7 | . . 2 . . . 1 . . . . . . . . 1 . . . . 1 . . . 2 . Garrison Access 8 | . . . 1 . . . . 1 . 1 . . . . 2 . . . . 2 . . . . 1 Total Hacks 311 | . 26 31 11 25 27 29 . 25 21 16 1 1 17 . 32 . . 6 . 11 3 . 14 6 9 Successful 200 | . 17 22 9 20 27 19 . 8 12 9 1 1 17 . 16 . . 6 . 3 1 . 7 1 4 Failed 110 | . 9 9 2 5 . 9 . 17 9 7 . . . . 16 . . . . 8 2 . 7 5 5 Catastrophic 14 | . 1 1 . . . 1 . 3 . . . . . . 2 . . . . 5 . . . 1 . Database Lockouts 1 | . . . . . . 1 . . . . . . . . . . . . . . . . . . . Manual 147 | . 17 15 9 14 . 19 . 14 6 14 . . . . 19 . . . . 4 1 . 6 2 7 Terminals 156 | . 19 19 9 10 . 11 . 18 20 10 . . . . 20 . . . . 4 3 . 9 2 2 Fabricators 4 | . . . . . . 3 . . . . . . . . . . . . . . . . 1 . . Repair Stations 12 | . 4 3 . . . 1 . 2 . . . . . . 2 . . . . . . . . . . Recycling Units 53 | . 3 1 1 15 . 11 . 3 1 4 . . . . 4 . . . . 1 . . 4 . 5 Scanalyzers 19 | . . 8 . . . 3 . . . . . . . . 2 . . . . 2 . . . 4 . Garrison Access 15 | . . . 1 . . . . 2 . 2 . . . . 4 . . . . 4 . . . . 2 Terminal Hacks 97 | . 4 8 3 2 27 5 . 6 9 2 1 1 17 . 2 . . 6 . . 1 . 3 . . Record 32 | . . . . 1 26 . . . . . . . 5 . . . . . . . . . . . . Part Schematic 4 | . . . . . . . . . . . . . 4 . . . . . . . . . . . . Robot Analysis 6 | . 1 . . . . . . . . 1 . . 4 . . . . . . . . . . . . Prototype ID Bank 14 | . 1 3 . 1 . . . . . . . . 4 . . . . 5 . . . . . . . Open Door 9 | . . . . . . . . 1 4 . 1 1 . . . . . 1 . . 1 . . . . Branch Access Points 4 | . . . . . . . . 1 . 1 . . . . 1 . . . . . . . 1 . . Terminal Index 2 | . 1 . . . . . . . 1 . . . . . . . . . . . . . . . . Alert Level 4 | . . 1 . . . . . 2 . . . . . . . . . . . . . . 1 . . Unreport Threat 2 | . . 1 . . . . . . 1 . . . . . . . . . . . . . . . . Locate Traps 10 | . 1 2 . . . 2 . 1 3 . . . . . . . . . . . . . 1 . . Recall Extermination 1 | . . . . . . 1 . . . . . . . . . . . . . . . . . . . Hauler Manifests 3 | . . 1 1 . . 1 . . . . . . . . . . . . . . . . . . . Registered Components 3 | . . . . . . 1 . 1 . . . . . . 1 . . . . . . . . . . Zone Layout 2 | . . . 2 . . . . . . . . . . . . . . . . . . . . . . Proto ID Catalog 1 | . . . . . 1 . . . . . . . . . . . . . . . . . . . . Fabricator Hacks 1 | . . . . . . 1 . . . . . . . . . . . . . . . . . . . Network Status 1 | . . . . . . 1 . . . . . . . . . . . . . . . . . . . Repair Station Hacks 8 | . 4 2 . . . 1 . . . . . . . . 1 . . . . . . . . . . Scan Component 4 | . 2 1 . . . . . . . . . . . . 1 . . . . . . . . . . Repair 3 | . 2 1 . . . . . . . . . . . . . . . . . . . . . . . Refit 1 | . . . . . . 1 . . . . . . . . . . . . . . . . . . . Recycling Unit Hacks 8 | . 2 1 1 4 . . . . . . . . . . . . . . . . . . . . . Retrieve Components 8 | . 2 1 1 4 . . . . . . . . . . . . . . . . . . . . . Scanalyzer 13 | . . 8 . . . 2 . . . . . . . . 2 . . . . . . . . 1 . Insert Component 5 | . . 4 . . . . . . . . . . . . . . . . . . . . . 1 . Analyze 3 | . . 3 . . . . . . . . . . . . . . . . . . . . . . . Retrieve Study 5 | . . 1 . . . 2 . . . . . . . . 2 . . . . . . . . . . Garrison Access Hacks 4 | . . . 1 . . . . . . 1 . . . . 1 . . . . 1 . . . . . Seal Access 4 | . . . 1 . . . . . . 1 . . . . 1 . . . . 1 . . . . . Unauthorized Hacks 69 | . 7 3 4 14 . 10 . 2 3 6 . . . . 10 . . . . 2 . . 4 . 4 Terminals 39 | . 7 3 4 7 . 2 . 2 2 2 . . . . 6 . . . . 1 . . 1 . 2 Track 2 | . . 1 . . . . . . . . . . . . . . . . . . . . . . 1 Assimilate 6 | . . . . . . 1 . . . 1 . . . . 4 . . . . . . . . . . Botnet 18 | . 2 1 3 2 . 1 . 2 2 1 . . . . 1 . . . . 1 . . 1 . 1 Operators 4 | . 1 1 1 . . . . . . . . . . . 1 . . . . . . . . . . Skim 9 | . 4 . . 5 . . . . . . . . . . . . . . . . . . . . . Fabricators 3 | . . . . . . 2 . . . . . . . . . . . . . . . . 1 . . Liberate 2 | . . . . . . 1 . . . . . . . . . . . . . . . . 1 . . Fabnet 1 | . . . . . . 1 . . . . . . . . . . . . . . . . . . . Repair Stations . | . . . . . . . . . . . . . . . . . . . . . . . . . . Recycling Units 27 | . . . . 7 . 6 . . 1 4 . . . . 4 . . . . 1 . . 2 . 2 Tunnel 7 | . . . . 7 . . . . . . . . . . . . . . . . . . . . . Fedlink 20 | . . . . . . 6 . . 1 4 . . . . 4 . . . . 1 . . 2 . 2 Scanalyzers . | . . . . . . . . . . . . . . . . . . . . . . . . . . Garrison Access . | . . . . . . . . . . . . . . . . . . . . . . . . . . Data Cores Recovered . | . . . . . . . . . . . . . . . . . . . . . . . . . . Used . | . . . . . . . . . . . . . . . . . . . . . . . . . . Hacking Detections 73 | . 7 7 3 5 . 10 . 8 7 3 . . . . 10 . . . . 4 . . 4 2 3 Full Trace Events 6 | . . 1 . . . 1 . 2 1 . . . . . . . . . . . . . . . 1 Feedback Events 1 | . . . . . . 1 . . . . . . . . . . . . . . . . . . . Corruption 1 | . . . . . . 1 . . . . . . . . . . . . . . . . . . . Feedback Blocked . | . . . . . . . . . . . . . . . . . . . . . . . . . . Robot Schematics Acquired . | . . . . . . . . . . . . . . . . . . . . . . . . . . Robots Built . | . . . . . . . . . . . . . . . . . . . . . . . . . . Authchips . | . . . . . . . . . . . . . . . . . . . . . . . . . . Time . | . . . . . . . . . . . . . . . . . . . . . . . . . . Total Robot Build Rating . | . . . . . . . . . . . . . . . . . . . . . . . . . . Part Schematics Acquired 7 | . . 3 . . . . . . . . . . 4 . . . . . . . . . . . . Parts Built . | . . . . . . . . . . . . . . . . . . . . . . . . . . Authchips . | . . . . . . . . . . . . . . . . . . . . . . . . . . Time . | . . . . . . . . . . . . . . . . . . . . . . . . . . Total Part Build Rating . | . . . . . . . . . . . . . . . . . . . . . . . . . . Part Studies Acquired 5 | . . 1 . . . 2 . . . . . . . . 2 . . . . . . . . . . Parts Repaired 3 | . 2 1 . . . . . . . . . . . . . . . . . . . . . . . Time 112 | . 52 60 . . . . . . . . . . . . . . . . . . . . . . . Parts Recycled . | . . . . . . . . . . . . . . . . . . . . . . . . . . Recycled Matter . | . . . . . . . . . . . . . . . . . . . . . . . . . . Retrieved Matter . | . . . . . . . . . . . . . . . . . . . . . . . . . . Retrieved Components 23 | . 4 9 2 8 . . . . . . . . . . . . . . . . . . . . . Parts Scanalyzed 3 | . . 3 . . . . . . . . . . . . . . . . . . . . . . . Part Schematics Acquired 3 | . . 3 . . . . . . . . . . . . . . . . . . . . . . . Parts Damaged . | . . . . . . . . . . . . . . . . . . . . . . . . . . Bothacking | -11 -10 -9 -9 -9 -9 -6 -6 -6 -6 -5 -5 -5 -5 -4 -4 -4 -4 -4 -3 -3 -3 -3 -2 -2 -2 ------------ Run | Yrd Mat Mat Sto Rec Scr Fac Was Fac Ext Fac Upp Upp Zhi Pro Fac Upp Upp War Pro Res Arm Lab Res Qua Frg Used RIF Installer . | . . . . . . . . . . . . . . . . . . . . . . . . . . Robots Hacked 2 | . . . . . . . . . . 2 . . . . . . . . . . . . . . . Non-combat . | . . . . . . . . . . . . . . . . . . . . . . . . . . Combat 2 | . . . . . . . . . . 2 . . . . . . . . . . . . . . . Robot Hacks Applied . | . . . . . . . . . . . . . . . . . . . . . . . . . . Relay Couplers Released 3 | . . . . . . . . . . . . . . . . . . . . 1 . . . . 2 Machine Destruction 3 | . . . . . . . . . . . . . . . . . . . . 1 . . . . 2 Fabnet Peak Effective % 3 | . . . . . . . . . . 3 3 3 3 1 1 1 1 1 . . . . . . . Autooverrided 2 | . . . . . . . . . . 2 . . . . . . . . . . . . . . . Robots Rewired 6 | . . . . . . . . . 2 . . . . . . . . . . . 3 . . . 1 Allies Hacked 1 | . . . . . . . . 1 . . . . . . . . . . . . . . . . . Hacks Repelled . | . . . . . . . . . . . . . . . . . . . . . . . . . . Allies | -11 -10 -9 -9 -9 -9 -6 -6 -6 -6 -5 -5 -5 -5 -4 -4 -4 -4 -4 -3 -3 -3 -3 -2 -2 -2 -------- Run | Yrd Mat Mat Sto Rec Scr Fac Was Fac Ext Fac Upp Upp Zhi Pro Fac Upp Upp War Pro Res Arm Lab Res Qua Frg Total Allies 43 | . . . . . . 1 20 . 8 3 . . . . 4 . . . . . 3 . 3 . 1 Largest Group 20 | . . . . . . 1 20 18 9 4 . . . . 3 1 1 . . . 3 . 3 . 1 Highest-Rated Group 771 | . . . . . . 26 771 671 479 73 . . . . 78 23 23 . . . 141 . 174 . 64 Highest-Rated Ally 159 | . . . . . . 26 50 46 159 54 . . . . 26 23 23 . . . 47 . 58 . 64 Initial UFD Resources 120 | . . . . . . 24 46 46 46 51 69 69 69 73 73 91 91 91 94 94 104 104 106 120 120 Total Orders . | . . . . . . . . . . . . . . . . . . . . . . . . . . Ally Attacks 234 | . . . . . . . . 63 138 10 . . . . . . . . . . 8 . 7 . 8 Total Damage 5627 | . . . . . . . . 1657 3085 217 . . . . . . . . . . 197 . 181 . 290 Kills 33 | . . . . . . . . 11 17 3 . . . . . . . . . . 2 . . . . Allies Corrupted . | . . . . . . . . . . . . . . . . . . . . . . . . . . Allies Melted 1 | . . . . . . . . . . . . . . . . . . . . . 1 . . . . Intel | -11 -10 -9 -9 -9 -9 -6 -6 -6 -6 -5 -5 -5 -5 -4 -4 -4 -4 -4 -3 -3 -3 -3 -2 -2 -2 ------- Run | Yrd Mat Mat Sto Rec Scr Fac Was Fac Ext Fac Upp Upp Zhi Pro Fac Upp Upp War Pro Res Arm Lab Res Qua Frg Active Infowar (turns) 18136 | 104 2373 2242 1123 1029 1206 686 198 310 761 477 358 302 49 275 684 135 129 886 95 451 136 163 218 119 3627 Optics 5078 | . . . . . . . . . . . . . . . 683 135 129 886 95 451 136 163 218 119 2063 Sensors 6301 | . . . . . . 550 198 310 761 474 358 302 49 275 684 134 129 595 95 451 136 163 151 97 389 Terrain 605 | . . . . . . . 4 . . . . . . . . . . 47 95 272 . . 171 16 . Structural 5083 | . . . . . . 575 . 308 453 435 355 208 45 93 624 132 128 588 95 376 136 163 218 100 51 Seismic 8534 | 104 2373 2242 1123 1029 1206 457 . . . . . . . . . . . . . . . . . . . Jamming 2822 | . . . . . . . . . . . . . . . . . . 44 95 451 136 163 47 21 1865 ECM 1725 | . . . . . . 35 . . . 168 . 92 1 98 587 135 129 186 . 103 110 . . 81 . Robot Analysis Total 6 | . 1 . . . . . . . . 1 . . 4 . . . . . . . . . . . . Derelict Logs Recovered 7 | . . . . . . . . . . . 1 2 . 2 . 1 1 . . . . . . . . Drone Launches . | . . . . . . . . . . . . . . . . . . . . . . . . . . Drone Recoveries . | . . . . . . . . . . . . . . . . . . . . . . . . . . Exploration | -11 -10 -9 -9 -9 -9 -6 -6 -6 -6 -5 -5 -5 -5 -4 -4 -4 -4 -4 -3 -3 -3 -3 -2 -2 -2 ------------- Run | Yrd Mat Mat Sto Rec Scr Fac Was Fac Ext Fac Upp Upp Zhi Pro Fac Upp Upp War Pro Res Arm Lab Res Qua Frg Turns Passed 19902 | 160 2570 2530 1275 1029 2127 708 198 310 762 479 361 302 49 275 684 135 129 886 95 451 136 163 218 119 3751 Spaces Moved 21087 | 72 1004 1159 522 460 2030 1579 359 688 814 1175 462 613 140 494 1453 440 419 1318 259 1080 242 177 600 506 3022 Core 5 | 3 . . . . . . . . . . . . . . . . . . . . . . . . 2 Treads 3769 | 69 1004 1159 411 460 666 . . . . . . . . . . . . . . . . . . . . Legs 964 | . . . . . . . . . . . . . . . . . . . . . . . . . 964 Wheels 650 | . . . 111 . 539 . . . . . . . . . . . . . . . . . . . . Hover 994 | . . . . . . . . . . . . . . . . . . . . . . . . . 994 Flight 14705 | . . . . . 825 1579 359 688 814 1175 462 613 140 494 1453 440 419 1318 259 1080 242 177 600 506 1062 Fastest Speed 6 | 50 160 160 160 160 34 24 24 23 23 16 23 23 23 16 19 26 26 24 24 12 12 18 12 7 6 Average Speed 57 | 155 160 163 165 160 97 24 24 23 23 22 23 23 23 22 25 26 26 27 24 19 17 18 17 16 66 Slowest Speed 900 | 160 160 240 400 160 160 25 24 96 23 96 96 23 96 23 104 104 26 102 24 24 18 18 98 17 900 Overloaded Moves 344 | . . . . . . . . . . 22 . . . 7 1 . . . . 51 14 . 18 21 210 Propulsion Burnouts . | . . . . . . . . . . . . . . . . . . . . . . . . . . Robots Hopped 44 | . . . . . . 6 1 . 2 7 . . . . . . . . . 8 1 . . 4 15 Potential Cave-ins 17 | . . . . 2 . . . . . . . . . . . . . 10 . . . . . . 5 Cave-ins Triggered 1 | . . . . . . . . . . . . . . . . . . 1 . . . . . . . Teleports 22 | . . . . . . . . . . . . . . . . . . . . . 1 . . . 21 Exploration Rate (%) 61 | 3 92 85 66 86 75 39 88 13 85 37 64 75 60 71 49 75 87 83 46 33 18 94 25 60 77 Regions Visited 25 Branch Regions 16 Pre-discovered Areas 20 | . . . . 11 4 1 . . . . . . 3 . . 1 . . . . . . . . . Known Exits Taken 18 | . . 1 . . . . . 1 1 1 1 1 1 1 1 1 1 1 1 1 1 1 1 1 . Unknown Exits Taken 5 | 1 1 . 1 1 1 . . . . . . . . . . . . . . . . . . . . Scrap Searched 21 | . . . . . 6 . . . . . 2 1 . 5 . 2 2 . 3 . . . . . . Spaces Dug 425 | . 6 20 25 1 . 51 . 27 4 22 . 7 . 47 19 2 3 47 20 31 2 . 18 3 70 Terrain Destroyed 1138 | . 18 150 50 5 . 59 . 70 4 33 . 9 . 47 70 2 3 191 21 33 2 . 20 3 348 Melee 117 | . . . . . . 14 . 9 4 15 . 5 . 5 19 2 3 . 2 21 2 . 11 3 2 Projectile 421 | . 6 55 30 5 . . . . . . . 4 . 3 . . . 28 1 12 . . 9 . 268 AOE 600 | . 12 95 20 . . 45 . 61 . 18 . . . 39 51 . . 163 18 . . . . . 78 Terrain Rammed . | . . . . . . . . . . . . . . . . . . . . . . . . . . Walls Destroyed . | . . . . . . . . . . . . . . . . . . . . . . . . . . Machines Disabled . | . . . . . . . . . . . . . . . . . . . . . . . . . . Actions | -11 -10 -9 -9 -9 -9 -6 -6 -6 -6 -5 -5 -5 -5 -4 -4 -4 -4 -4 -3 -3 -3 -3 -2 -2 -2 --------- Run | Yrd Mat Mat Sto Rec Scr Fac Was Fac Ext Fac Upp Upp Zhi Pro Fac Upp Upp War Pro Res Arm Lab Res Qua Frg Total 27098 | 96 1757 1558 801 743 2189 1840 465 817 1349 1317 714 759 152 637 1688 455 432 1818 281 1265 319 301 681 525 4139 Wait 3764 | . 595 154 137 267 71 147 93 104 445 65 245 126 . 118 132 8 8 368 12 126 9 83 34 3 414 Move 20979 | 71 1003 1158 521 459 2029 1567 356 687 809 1160 461 612 139 493 1452 439 418 1316 258 1063 239 176 599 498 2996 Hop 39 | . . . . . . 6 1 . 2 7 . . . . . . . . . 8 1 . . 3 11 Pick Up 203 | 5 18 33 5 1 25 6 2 2 . 4 1 . 1 . 7 . . 20 1 4 . 15 2 2 49 Fast Attach 142 | 7 2 7 5 . 12 3 2 1 1 1 . . 2 . 1 . . 11 . 3 . 2 5 2 75 Attach 134 | . 1 6 1 2 4 10 . 1 . 4 1 2 1 3 6 1 . 20 1 5 1 2 4 1 57 Detach 78 | . . 1 . . 7 2 . 1 . 1 1 3 . 4 1 1 1 13 1 5 . . 3 1 32 Swap 275 | . 18 25 21 2 5 20 4 3 12 19 4 7 7 7 12 4 1 9 1 16 3 . 9 8 58 Drop 275 | 1 10 33 12 2 36 17 5 5 3 5 1 . 2 . 9 . . 27 . 5 . 14 5 2 81 Fire 678 | 12 104 130 85 9 . 3 . 1 . 2 . 4 . 5 8 . . 33 2 7 . . 5 1 267 Melee 270 | . . . . . . 31 2 12 22 34 . 5 . 7 45 2 4 . 5 23 8 9 15 4 42 Ram . | . . . . . . . . . . . . . . . . . . . . . . . . . . Kick . | . . . . . . . . . . . . . . . . . . . . . . . . . . Crush 24 | . 6 11 6 1 . . . . . . . . . . . . . . . . . . . . . Escape Stasis 183 | . . . 8 . . 28 . . 44 15 . . . . 15 . . 1 . . 17 . . . 55 Rewire 54 | . . . . . . . . . 11 . . . . . . . . . . . 41 . . . 2 Trap . | . . . . . . . . . . . . . . . . . . . . . . . . . . Miscellaneous . | . . . . . . . . . . . . . . . . . . . . . . . . . . Route ------- -11/Scrapyard -10/Materials (discovered 5 exits: *Mat x3 / [*Min] / [*Sub]) -9/Materials (discovered 6 exits: [*Mat x3] / [*Min x2] / *Sto) -9/Storage (discovered 2 exits: [*Mat] / *Rec) -9/Recycling (discovered 2 exits: Fac / *Scr) -9/Scraptown (discovered 2 exits: *Fac x2) -6/Factory (discovered 6 exits: *Fac x3 / *Low x2 / Ext) -6/Waste -6/Factory (discovered 4 exits: Low x2 / *Ext x2) -6/Extension (discovered 3 exits: *Fac x2 / *Cet) -5/Factory (discovered 3 exits: *Fac / *Upp x2) -5/Upper Caves -5/Upper Caves (discovered 2 exits: Fac / *Zhi) -5/Zhirov -4/Proximity Caves -4/Factory (discovered 6 exits: *Res x4 / *Upp x2) -4/Upper Caves -4/Upper Caves (discovered 2 exits: *Res / *War) -4/Warlord -3/Proximity Caves -3/Research (discovered 2 exits: Res / *Arm) -3/Armory (discovered 2 exits: Res / *Lab) -3/Lab -2/Research (discovered 5 exits: *Acc x3 / *Qua x2) -2/Quarantine (discovered 3 exits: *Acc / *Sec / *Frg) -2/Protoforge 0bPrime History --------- Turn | Location | Event 52 | -11/Scrapyard | Discovered new exit (range 15) 161 | -11/Scrapyard | Entered Materials 317 | -10/Materials | Build established: Mutant 436 | -10/Materials | Discovered new exit (range 15) 785 | -10/Materials | Discovered new exit (range 10) 1169 | -10/Materials | Discovered new exit (range 8) 1310 | -10/Materials | Discovered new exit (range 16) 1326 | -10/Materials | Discovered new exit (range 14) 2269 | -10/Materials | Repaired Lgt. Cannon 2297 | -10/Materials | Repaired Lgt. Treads 2731 | -10/Materials | Entered another Materials area 2731 | -9/Materials | Evolved 2 slots: Propulsion x1, Utility x1 2732 | -9/Materials | Discovered new exit (range 16) 2822 | -9/Materials | Identified exit to Storage 3122 | -9/Materials | Discovered new exit (range 15) 3264 | -9/Materials | Discovered new exit (range 8) 3752 | -9/Materials | Discovered new exit (range 4) 3861 | -9/Materials | Discovered new exit (range 16) 3901 | -9/Materials | Destroyed 7 combat bots 4251 | -9/Materials | Discovered new exit (range 4) 4331 | -9/Materials | First assault squad dispatched 5181 | -9/Materials | Repaired Enh. Autogun 5253 | -9/Materials | Build established: Scavenger-Mutant 5261 | -9/Materials | Entered Storage 5564 | -9/Storage | Garrison activated, responded to threat 5620 | -9/Storage | Used back door to open Recycling access 5620 | -9/Storage | Discovered new exit (range 5) 5815 | -9/Storage | Core integrity fell below 50% 6061 | -9/Storage | First assault squad dispatched 6203 | -9/Storage | Core integrity fell below 20% 6393 | -9/Storage | Discovered new exit (range 5) 6536 | -9/Storage | Entered Recycling 6575 | -9/Recycling | Scanned before Scraplab entrance 7165 | -9/Recycling | Learned Storage terminal intel 7230 | -9/Recycling | Identified exit to Factory 7328 | -9/Recycling | Learned location of Zion (-7) 7363 | -9/Recycling | Learned 2 Storage zone layouts 7412 | -9/Recycling | Entered Scraplab 7475 | -9/Recycling | Learned Materials stockpile data 7562 | -9/Recycling | Discovered new exit (range 3) 7565 | -9/Recycling | Entered Scraptown 7565 | -9/Scraptown | System corruption cleaned by C-Scrubber 7708 | -9/Scraptown | Heard Great Nut preacher, LISTEN AND RECITE! 7757 | -9/Scraptown | Visited Observation Area 7783 | -9/Scraptown | Visited IN-MT5's Study 7817 | -9/Scraptown | Visited Shadow of the Wyrm 7855 | -9/Scraptown | Visited Comm Corps 7869 | -9/Scraptown | Visited Artisan Demo Area 7945 | -9/Scraptown | Visited UFD Registry 7945 | -9/Scraptown | Registered with UFD as "Harddome" 8124 | -9/Scraptown | Discovered new exit (range 11) 8252 | -9/Scraptown | Visited Abandonware Association 8277 | -9/Scraptown | Learned abandonware demo "REVENGE.EXE" 8277 | -9/Scraptown | Learned abandonware demo "TRNCOAT.EXE" 8319 | -9/Scraptown | Visited DA-N13 Charitable Foundation 8333 | -9/Scraptown | Found DCF Scrap (30 items) 8393 | -9/Scraptown | Visited Curators Association 8463 | -9/Scraptown | Visited Research Penetration Think Tank 8505 | -9/Scraptown | Visited Scrapoid Pod Storage 8535 | -9/Scraptown | Visited A0-MCA Data Center 8561 | -9/Scraptown | Visited Science Guys 8615 | -9/Scraptown | Visited Cartography Club 8659 | -9/Scraptown | Found Surveybot 17 Chip 8681 | -9/Scraptown | Found Deep Structural Scanner 8686 | -9/Scraptown | Learned location of Recycling (-9) 8686 | -9/Scraptown | Learned location of Hub_04(d) (-6) 8686 | -9/Scraptown | Learned location of Armory (-3) 8686 | -9/Scraptown | Learned 8 Research zone layouts 8686 | -9/Scraptown | Learned 4 Access zone layouts 8686 | -9/Scraptown | Learned 4 Mines zone layouts 8686 | -9/Scraptown | Learned 16 Lower Caves zone layouts 8686 | -9/Scraptown | Learned 8 Upper Caves zone layouts 8686 | -9/Scraptown | Learned 8 Proximity Caves zone layouts 8686 | -9/Scraptown | Learned 12 Proximity Caves zone layouts 8686 | -9/Scraptown | Learned 24 Proximity Caves zone layouts 8686 | -9/Scraptown | Learned Storage emergency access door positions 8686 | -9/Scraptown | Learned location of 3 exits from Factory 8686 | -9/Scraptown | Learned location of 1 exit from Lower Caves 8686 | -9/Scraptown | Learned location of 1 exit from Proximity Caves 8686 | -9/Scraptown | Learned 16 Upper Caves zone layouts 8686 | -9/Scraptown | Learned 24 Upper Caves zone layouts 8913 | -9/Scraptown | Visited LU-1G1's Boring Crew 8920 | -9/Scraptown | Given an S rating by A0-MCA 9213 | -9/Scraptown | Visited CR-KLE's Repair Center 9239 | -9/Scraptown | Build established: Derelict-Mutant 9435 | -9/Scraptown | CR-KLE repaired 5 parts 9628 | -9/Scraptown | Met Optimus 9628 | -9/Scraptown | Accepted into 0bPrime 9687 | -9/Scraptown | Discovered new exit (range 5) 9692 | -9/Scraptown | Entered Factory 9692 | -6/Factory | Evolved 6 slots: Power x1, Propulsion x3, Utility x2 9693 | -6/Factory | Identified exit to Lower Caves 9694 | -6/Factory | Identified exit to Extension 9694 | -6/Factory | Identified exit to Factory 9789 | -6/Factory | Loaded intel: 8 recycling unit locations 9792 | -6/Factory | Learned location of Protoforge (-2) 9990 | -6/Factory | Build established: Sprinter 10094 | -6/Factory | Spotted B-75 Beast 10227 | -6/Factory | Central database locked down 10304 | -6/Factory | Discovered exit to Factory (range 5) 10400 | -6/Factory | Manually triggered Chute Trap 10400 | -6/Factory | Sucked down chute 10400 | -6/Factory | Entered Waste 10401 | -6/Waste | Joined by Warlord forces that had cleared the area 10473 | -6/Waste | Discovered new exit (range 12) 10545 | -6/Waste | Identified exit to Factory 10598 | -6/Waste | Entered Factory 10598 | -6/Factory | Accompanied by 18 allies 10621 | -6/Factory | Spotted B-75 Beast 10637 | -6/Factory | Garrison activated, responded to threat 10675 | -6/Factory | Lost 5 allies 10908 | -6/Factory | Entered Extension 10908 | -6/Extension | Accompanied by 5 allies 10910 | -6/Extension | Build established: Scout 10933 | -6/Extension | Rescued a captive Derelict 10934 | -6/Extension | Rescued a captive Derelict 10938 | -6/Extension | Watched by a mysterious "MATRIX" hacker. 11028 | -6/Extension | Rescued A7 11056 | -6/Extension | Rescued a captive Derelict 11057 | -6/Extension | Rescued a captive Derelict 11143 | -6/Extension | Loaded intel: 1 recycling unit location 11308 | -6/Extension | Spotted B-75 Beast 11340 | -6/Extension | Allies destroyed B-75 Beast 11366 | -6/Extension | Spotted B-75 Beast 11387 | -6/Extension | Allies destroyed B-75 Beast 11394 | -6/Extension | Discovered exit to Factory (range 13) 11413 | -6/Extension | Lost 3 allies 11464 | -6/Extension | Extracted ID and sensor layout for unrecognized location from A7's data core 11493 | -6/Extension | Lost 5 allies 11504 | -6/Extension | Rescued a captive Derelict 11504 | -6/Extension | Rescued a captive Derelict 11610 | -6/Extension | Discovered exit to Factory (range 10) 11611 | -6/Extension | Discovered new exit (range 6) 11612 | -6/Extension | Identified exit to Cetus 11670 | -6/Extension | Entered Factory 11670 | -5/Factory | Accompanied by 3 allies 11670 | -5/Factory | Evolved 2 slots: Utility x2 11740 | -5/Factory | Loaded intel: 8 recycling unit locations 11936 | -5/Factory | Identified exit to Upper Caves 12093 | -5/Factory | Discovered new exit (range 17) 12149 | -5/Factory | Entered Upper Caves 12150 | -5/Upper Caves | Identified exit to Upper Caves 12382 | -5/Upper Caves | Build established: Hacker-Scout 12510 | -5/Upper Caves | Entered another Upper Caves area 12511 | -5/Upper Caves | Identified exit to Factory 12513 | -5/Upper Caves | Discovered new exit (range 136) 12514 | -5/Upper Caves | Learned location of 1 exit from Factory 12533 | -5/Upper Caves | Learned 4 Factory zone layouts 12812 | -5/Upper Caves | Identified exit to Zhirov 12812 | -5/Upper Caves | Entered Zhirov 12812 | -5/Zhirov | Discovered new exit (range 3) 12817 | -5/Zhirov | Met Zhirov 12823 | -5/Zhirov | Found Alien Artifact 12823 | -5/Zhirov | Identified Integrated Reactor 12823 | -5/Zhirov | Installed Integrated Reactor, increased core energy generation (+10) 12842 | -5/Zhirov | Found Alien Artifact 12849 | -5/Zhirov | Learned location of Quarantine (-2) 12849 | -5/Zhirov | Learned location of Testing (-3) 12849 | -5/Zhirov | Learned location of Command (-1) 12851 | -5/Zhirov | Zhirov requested help retrieving the SGEMP Prototype 12857 | -5/Zhirov | Identified exit to Proximity Caves 12861 | -5/Zhirov | Entered Proximity Caves 13093 | -4/Proximity Caves | Learned Research garrison access intel 13097 | -4/Proximity Caves | Learned Research garrison access intel 13136 | -4/Proximity Caves | Entered Factory 13136 | -4/Factory | Evolved 2 slots: Utility x2 13137 | -4/Factory | Identified exit to Research 13297 | -4/Factory | Discovered new exit (range 6) 13569 | -4/Factory | Build established: Hacker-Ninja 13641 | -4/Factory | Identified exit to Upper Caves 13654 | -4/Factory | Discovered exit to Research (range 15) 13683 | -4/Factory | Loaded intel: 8 recycling unit locations 13749 | -4/Factory | Spotted B-86 Titan 13820 | -4/Factory | Entered Upper Caves 13820 | -4/Upper Caves | Accompanied by 1 ally 13850 | -4/Upper Caves | Encountered a Warlord checkpoint 13889 | -4/Upper Caves | Spotted B-86 Titan 13941 | -4/Upper Caves | Discovered new exit (range 13) 13949 | -4/Upper Caves | Identified exit to Upper Caves 13955 | -4/Upper Caves | Entered another Upper Caves area 13955 | -4/Upper Caves | Accompanied by 1 ally 13969 | -4/Upper Caves | Discovered exit to Research (range 24) 14009 | -4/Upper Caves | Spotted B-86 Titan 14010 | -4/Upper Caves | Encountered a Warlord checkpoint 14035 | -4/Upper Caves | Identified exit to Warlord 14084 | -4/Upper Caves | Entered Warlord 14165 | -4/Warlord | Rebuked by Warlord 14181 | -4/Warlord | Warlord's base attacked by MAIN.C 14218 | -4/Warlord | Found Prototype Launcher 14220 | -4/Warlord | Found Prototype Energy Cannon 14221 | -4/Warlord | Found Prototype Energy Cannon 14223 | -4/Warlord | Found Prototype Energy Gun 14223 | -4/Warlord | Identified Vortex Rail 14225 | -4/Warlord | Identified Vortex Driver (x2) 14227 | -4/Warlord | Found Vortex Rail 14271 | -4/Warlord | Found Prototype Device 14271 | -4/Warlord | Identified Exp. Phase Shifter 14300 | -4/Warlord | Identified Vortex Catalyst Activator 14389 | -4/Warlord | Destroyed 7 combat bots 14465 | -4/Warlord | Warlord forces counterattacked 14611 | -4/Warlord | Spotted Executioner 14624 | -4/Warlord | Build established: Hacker-Sprinter 14638 | -4/Warlord | Found Prototype Processor 14638 | -4/Warlord | Identified Exp. Core Analyzer 14643 | -4/Warlord | Found Prototype Device 14643 | -4/Warlord | Identified Adv. Kinecellerator 14669 | -4/Warlord | Lost 10 allies 14674 | -4/Warlord | Crushed by falling debris 14675 | -4/Warlord | System corruption reached 10% 14688 | -4/Warlord | P-80 Master assimilated allied C0-9CN(g) 14688 | -4/Warlord | Spotted C0-9CN(g) 14705 | -4/Warlord | Lost 4 parts (3u1w) 14761 | -4/Warlord | Lost 8 allies 14784 | -4/Warlord | Spotted Striker 14785 | -4/Warlord | Spotted Executioner 14793 | -4/Warlord | Destroyed Striker 14814 | -4/Warlord | Destroyed 8 combat bots 14856 | -4/Warlord | Warlord base infiltrated, sounded retreat 14860 | -4/Warlord | Lost 11 allies 14901 | -4/Warlord | Spotted Executioner 14948 | -4/Warlord | Discovered new exit (range 20) 14952 | -4/Warlord | Identified exit to Proximity Caves 14970 | -4/Warlord | Entered Proximity Caves 15065 | -3/Proximity Caves | Entered Research 15065 | -3/Research | Evolved 2 slots: Weapon x2 15066 | -3/Research | Identified exit to Research 15067 | -3/Research | Loaded intel: 4 garrison access locations 15123 | -3/Research | Found Prototype Device 15123 | -3/Research | Identified Exp. Thermal Shield 15233 | -3/Research | Build established: Infiltrator-Ninja 15322 | -3/Research | Spotted B-86 Titan 15425 | -3/Research | Discovered new exit (range 21) 15433 | -3/Research | Spotted B-86 Titan 15508 | -3/Research | Identified exit to Armory 15510 | -3/Research | Loaded intel: 5 recycling unit locations 15516 | -3/Research | Entered Armory 15641 | -3/Armory | Discovered exit to Research (range 20) 15642 | -3/Armory | Identified Transdimensional Reconstructor 15642 | -3/Armory | Warped through subspace to slip node 15642 | -3/Armory | Discovered new exit (range 1) 15642 | -3/Armory | Identified exit to Lab 15652 | -3/Armory | Entered Lab 15652 | -3/Lab | Discovered exit to Research (range 9) 15654 | -3/Lab | Hidden lab's door opened automatically 15654 | -3/Lab | Sensor layout match revealed 15655 | -3/Lab | Gained access to the hidden lab's interior 15739 | -3/Lab | Found Alien Artifact 15745 | -3/Lab | Found Alien Artifact 15746 | -3/Lab | Identified Integrated Mediator 15746 | -3/Lab | Installed Integrated Mediator, increased core attachment efficiency 15770 | -3/Lab | Found Transdimensional Reconstructor 15783 | -3/Lab | Found Prototype Protection 15783 | -3/Lab | Identified Med. Regenerative Plating 15784 | -3/Lab | Found Prototype Hackware 15786 | -3/Lab | Found Prototype Energy Gun 15787 | -3/Lab | Found Prototype Energy Gun 15791 | -3/Lab | Found Prototype Special Weapon 15791 | -3/Lab | Identified Gui. Remote Datajack 15798 | -3/Lab | Unable to decrypt terminal 15801 | -3/Lab | Identified Tachyon Dispersion Ray (x2) 15815 | -3/Lab | Entered Research 15815 | -2/Research | Evolved 2 slots: Weapon x2 15816 | -2/Research | Identified exit to Access 15817 | -2/Research | Loaded intel: 3 garrison access locations 15824 | -2/Research | Identified Deep Network Scanner 15826 | -2/Research | Identified exit to Quarantine 15873 | -2/Research | Loaded intel: 5 recycling unit locations 15943 | -2/Research | Discovered exit to Access (range 22) 16033 | -2/Research | Entered Quarantine 16080 | -2/Quarantine | Identified Core Regenerator 16086 | -2/Quarantine | Found Alien Artifact 16103 | -2/Quarantine | Discovered exit to Access (range 15) 16137 | -2/Quarantine | Spotted Fortress 16147 | -2/Quarantine | Discovered new exit (range 5) 16147 | -2/Quarantine | Discovered new exit (range 6) 16148 | -2/Quarantine | Identified exit to Section 7 16148 | -2/Quarantine | Identified exit to Protoforge 16152 | -2/Quarantine | Entered Protoforge 16189 | -2/Protoforge | Spotted Hotshot 16189 | -2/Protoforge | Spotted Hotshot 16195 | -2/Protoforge | Superfortress began startup sequence 16207 | -2/Protoforge | Spotted V050-s 16260 | -2/Protoforge | Spotted EXE-6 16260 | -2/Protoforge | Spotted EXE-6 16275 | -2/Protoforge | UFD initiated attack on Protoforge (Readiness: Maximal) 16275 | -2/Protoforge | Loaded intel: 3 recycling unit locations 16281 | -2/Protoforge | Build established: Hacker-Ninja 16311 | -2/Protoforge | Optimus greeted in Protoforge 16330 | -2/Protoforge | Spotted SKR-2 16330 | -2/Protoforge | Spotted SKR-2 16330 | -2/Protoforge | Spotted SKR-2 16333 | -2/Protoforge | Attached CPS modules to 02F02-K. 16336 | -2/Protoforge | Attached CPS modules to SKR-2. 16346 | -2/Protoforge | Spotted EXE-6 16346 | -2/Protoforge | Spotted EXE-6 16369 | -2/Protoforge | Lost 4 allies 16373 | -2/Protoforge | Found Prototype Processor 16373 | -2/Protoforge | Identified Exp. Melee Analysis Suite 16390 | -2/Protoforge | Found Prototype Ballistic Gun 16390 | -2/Protoforge | Identified Cep. XC Strikerail 16394 | -2/Protoforge | Found Prototype Processor 16394 | -2/Protoforge | Identified Exp. Armor Integrity Analyzer 16408 | -2/Protoforge | Forge Plexus network access discovered 16415 | -2/Protoforge | Found Cep. XC Strikerail 16419 | -2/Protoforge | Found Adv. Particle Accelerator 16428 | -2/Protoforge | Found Cep. Antimissile System 16436 | -2/Protoforge | Spotted Hotshot 16436 | -2/Protoforge | Spotted Hotshot 16449 | -2/Protoforge | Spotted V852-h 16452 | -2/Protoforge | Found Cep. Zero-point Core 16490 | -2/Protoforge | Destroyed Hotshot 16499 | -2/Protoforge | Destroyed Hotshot 16506 | -2/Protoforge | Spotted Decapitator 16506 | -2/Protoforge | Spotted Decapitator 16506 | -2/Protoforge | Spotted Decapitator 16506 | -2/Protoforge | Spotted Decapitator 16518 | -2/Protoforge | Destroyed Decapitator 16520 | -2/Protoforge | Destroyed Decapitator 16524 | -2/Protoforge | Destroyed Decapitator 16526 | -2/Protoforge | Destroyed Decapitator 16551 | -2/Protoforge | Spotted V338-e 16573 | -2/Protoforge | Additional patrols dispatched to research labs 16575 | -2/Protoforge | Destroyed V338-e 16578 | -2/Protoforge | Found Prototype Launcher 16578 | -2/Protoforge | Identified Adv. Micro-nuke Launcher 16585 | -2/Protoforge | Found Cep. NT7 Matterbank 16586 | -2/Protoforge | Found Cep. Antigrav Storage Unit 16587 | -2/Protoforge | Found Imp. Powered Armor 16594 | -2/Protoforge | Found Cep. Matter Streamer 16599 | -2/Protoforge | Lost 3 parts (1n2u) 16610 | -2/Protoforge | Spotted Immortal 16610 | -2/Protoforge | Spotted Immortal 16640 | -2/Protoforge | Found Crosscalibrator 16646 | -2/Protoforge | Spotted Immortal 16646 | -2/Protoforge | Spotted Immortal 16666 | -2/Protoforge | Spotted Decapitator 16666 | -2/Protoforge | Spotted Decapitator 16666 | -2/Protoforge | Spotted Decapitator 16719 | -2/Protoforge | Destroyed 9 combat bots 16720 | -2/Protoforge | Found Cep. Energy Mantle 16723 | -2/Protoforge | Spotted V109-n 16723 | -2/Protoforge | Spotted V611-h 16724 | -2/Protoforge | Spotted V800-j 16725 | -2/Protoforge | Lost 3 parts (2u1w) 16742 | -2/Protoforge | Spotted Decapitator 16742 | -2/Protoforge | Spotted V097-w 16781 | -2/Protoforge | Build established: Sprinter 16782 | -2/Protoforge | Spotted Decapitator 16784 | -2/Protoforge | Spotted Decapitator 16791 | -2/Protoforge | Destroyed Decapitator 16816 | -2/Protoforge | Found Cep. Plasma Driver 16847 | -2/Protoforge | Destroyed Decapitator 16855 | -2/Protoforge | Found Cep. Helical Railcannon 16858 | -2/Protoforge | Found Exp. Jetlance 16875 | -2/Protoforge | Found Cep. Disintegration Ray 16891 | -2/Protoforge | Found Cep. Variable Chargecaster 16894 | -2/Protoforge | Found Cep. Lightning Penetrator 16902 | -2/Protoforge | Found Cep. Heavy Railcannon 16905 | -2/Protoforge | Found Cep. Deflector Sword 16910 | -2/Protoforge | Found Cep. Lightning Penetrator 16916 | -2/Protoforge | UFD reported confirmed Drillbomb installation 16955 | -2/Protoforge | Spotted AP7-3 16956 | -2/Protoforge | Destroyed AP7-3 16958 | -2/Protoforge | Spotted AP7-3 16964 | -2/Protoforge | Destroyed AP7-3 17086 | -2/Protoforge | Found Cep. Core Analysis Suite 17092 | -2/Protoforge | Found Cep. Thermoelectric Network 17139 | -2/Protoforge | Build established: Mutant 17306 | -2/Protoforge | Found Cep. Nanofilaments [Endoweave] 17306 | -2/Protoforge | Installed Cep. Nanofilaments [Endoweave], 5 resistances modified: KI +10%, TH +10%, EX -50%, S -20%, P +20% 17328 | -2/Protoforge | Found Transdimensional Reconstructor 17340 | -2/Protoforge | Found Cep. Navigation Harness 17422 | -2/Protoforge | UFD reported confirmed Drillbomb installation 17462 | -2/Protoforge | Found Cep. Arcsight Missile Launcher 17592 | -2/Protoforge | Found Cep. Chromion Battery 17613 | -2/Protoforge | Found Cep. Combat Aerolev Unit 17617 | -2/Protoforge | Found Cep. NT7 Matterbank 17626 | -2/Protoforge | Found Cep. Matter Streamer 17638 | -2/Protoforge | Found Cep. Antigrav Storage Unit 17643 | -2/Protoforge | Found Cep. NT7 Matterbank 17879 | -2/Protoforge | Warped through subspace 17942 | -2/Protoforge | UFD reported confirmed Drillbomb installation 17979 | -2/Protoforge | Destroyed Immortal 17989 | -2/Protoforge | Found Cep. Gyrokinetic System 18014 | -2/Protoforge | Found Cep. Gyrokinetic System 18022 | -2/Protoforge | Found Cep. Gyrokinetic System 18027 | -2/Protoforge | Found Cep. Gyrokinetic System 18081 | -2/Protoforge | Destroyed Immortal 18095 | -2/Protoforge | Destroyed Decapitator 18095 | -2/Protoforge | Destroyed Decapitator 18148 | -2/Protoforge | Found Cep. Weapon Articulator 18149 | -2/Protoforge | Found Exp. Kinecellerator 18177 | -2/Protoforge | Found Exp. Force Booster 18184 | -2/Protoforge | Found Cep. Recoil Nullifier 18187 | -2/Protoforge | Found Mni. Quantum Capacitor 18188 | -2/Protoforge | Used Core Regenerator, restored core integrity (+362) 18192 | -2/Protoforge | Found Cep. Networked Targeting System 18194 | -2/Protoforge | Found Exp. Kinecellerator 18218 | -2/Protoforge | UFD reported confirmed Drillbomb installation 18219 | -2/Protoforge | UFD reported confirmed Drillbomb installation 18256 | -2/Protoforge | Found 0bPrime Scrap Suit 18259 | -2/Protoforge | Spotted Striker 18399 | -2/Protoforge | Spotted Striker 18401 | -2/Protoforge | Spotted Striker 18416 | -2/Protoforge | Destroyed Executioner 18417 | -2/Protoforge | Spotted Executioner 18419 | -2/Protoforge | Spotted Executioner 18421 | -2/Protoforge | Destroyed Executioner 18423 | -2/Protoforge | Spotted Striker 18448 | -2/Protoforge | Destroyed 13 combat bots 18456 | -2/Protoforge | Lost 4 allies 18463 | -2/Protoforge | Found Prototype Processor 18463 | -2/Protoforge | Identified Exp. Targeting Computer 18495 | -2/Protoforge | Spotted Striker 18505 | -2/Protoforge | Spotted Executioner 18526 | -2/Protoforge | Destroyed Executioner 18528 | -2/Protoforge | Spotted Executioner 18530 | -2/Protoforge | Spotted Executioner 18531 | -2/Protoforge | Destroyed Executioner 18535 | -2/Protoforge | Destroyed Executioner 18572 | -2/Protoforge | Lost 10 allies 18573 | -2/Protoforge | Destroyed 10 combat bots 18603 | -2/Protoforge | Spotted Executioner 18604 | -2/Protoforge | Destroyed Executioner 18613 | -2/Protoforge | Spotted Executioner 18618 | -2/Protoforge | Destroyed Executioner 18620 | -2/Protoforge | Spotted Executioner 18622 | -2/Protoforge | Destroyed Executioner 18638 | -2/Protoforge | Spotted Striker 18638 | -2/Protoforge | Spotted Striker 18652 | -2/Protoforge | Lost 7 allies 18670 | -2/Protoforge | Destroyed 10 combat bots 18674 | -2/Protoforge | Spotted Executioner 18675 | -2/Protoforge | Destroyed Executioner 18678 | -2/Protoforge | Spotted Executioner 18681 | -2/Protoforge | Spotted Striker 18689 | -2/Protoforge | Spotted Executioner 18693 | -2/Protoforge | UFD reported confirmed Drillbomb installation 18703 | -2/Protoforge | Spotted Executioner 18703 | -2/Protoforge | Spotted Executioner 18703 | -2/Protoforge | Destroyed Executioner 18718 | -2/Protoforge | Destroyed Executioner 18738 | -2/Protoforge | Build established: Scavenger-Executioner 18739 | -2/Protoforge | Destroyed 8 combat bots 18743 | -2/Protoforge | Lost 3 allies 18749 | -2/Protoforge | Spotted Striker 18752 | -2/Protoforge | Spotted Executioner 18753 | -2/Protoforge | Spotted Striker 18758 | -2/Protoforge | Destroyed Striker 18766 | -2/Protoforge | Spotted Executioner 18766 | -2/Protoforge | Destroyed Striker 18766 | -2/Protoforge | Destroyed Executioner 18769 | -2/Protoforge | Spotted Executioner 18769 | -2/Protoforge | Spotted Striker 18778 | -2/Protoforge | Destroyed Executioner 18790 | -2/Protoforge | Destroyed Striker 18816 | -2/Protoforge | Lost 5 allies 18819 | -2/Protoforge | Spotted B-90 Cyclops 18828 | -2/Protoforge | Destroyed B-90 Cyclops 18832 | -2/Protoforge | Spotted Executioner 18835 | -2/Protoforge | Spotted Executioner 18843 | -2/Protoforge | Spotted Executioner 18845 | -2/Protoforge | Spotted Executioner 18849 | -2/Protoforge | Destroyed 20 combat bots 18854 | -2/Protoforge | Spotted Striker 18854 | -2/Protoforge | Spotted Executioner 18866 | -2/Protoforge | Destroyed Executioner 18889 | -2/Protoforge | Discovered exit to Access (range 22) 18907 | -2/Protoforge | Lost 7 allies 18921 | -2/Protoforge | Destroyed 8 combat bots 18925 | -2/Protoforge | Spotted Executioner 18925 | -2/Protoforge | Spotted Striker 18925 | -2/Protoforge | Spotted Striker 18942 | -2/Protoforge | Destroyed Striker 18948 | -2/Protoforge | Destroyed Striker 18948 | -2/Protoforge | Destroyed Executioner 18952 | -2/Protoforge | Spotted Executioner 18952 | -2/Protoforge | Spotted Striker 18952 | -2/Protoforge | Destroyed Executioner 18969 | -2/Protoforge | Destroyed Striker 18982 | -2/Protoforge | Lost 7 allies 18998 | -2/Protoforge | Destroyed 12 combat bots 19029 | -2/Protoforge | Spotted Striker 19029 | -2/Protoforge | Spotted Striker 19029 | -2/Protoforge | Spotted Striker 19029 | -2/Protoforge | Spotted Striker 19038 | -2/Protoforge | Destroyed Striker 19041 | -2/Protoforge | Destroyed Striker 19050 | -2/Protoforge | Spotted Striker 19050 | -2/Protoforge | Spotted Striker 19053 | -2/Protoforge | P-80 Master assimilated allied 02FFC-D 19063 | -2/Protoforge | Destroyed Striker 19067 | -2/Protoforge | Destroyed Striker 19089 | -2/Protoforge | Lost 8 allies 19092 | -2/Protoforge | Destroyed 19 combat bots 19125 | -2/Protoforge | Spotted Striker 19125 | -2/Protoforge | Spotted Striker 19125 | -2/Protoforge | Spotted Striker 19125 | -2/Protoforge | Spotted Striker 19142 | -2/Protoforge | Destroyed Striker 19150 | -2/Protoforge | Spotted Striker 19150 | -2/Protoforge | Spotted Striker 19151 | -2/Protoforge | Destroyed Striker 19154 | -2/Protoforge | System corruption reached 10% 19171 | -2/Protoforge | Found Exp. Core Analyzer 19172 | -2/Protoforge | Destroyed 8 combat bots 19181 | -2/Protoforge | Lost 5 allies 19225 | -2/Protoforge | Spotted Executioner 19225 | -2/Protoforge | Spotted Executioner 19225 | -2/Protoforge | Spotted Executioner 19226 | -2/Protoforge | Spotted Striker 19229 | -2/Protoforge | Destroyed Striker 19237 | -2/Protoforge | Destroyed Executioner 19241 | -2/Protoforge | Destroyed Executioner 19241 | -2/Protoforge | Destroyed Executioner 19251 | -2/Protoforge | Spotted Striker 19251 | -2/Protoforge | Spotted Striker 19259 | -2/Protoforge | Destroyed Striker 19267 | -2/Protoforge | Destroyed Striker 19300 | -2/Protoforge | Destroyed 21 combat bots 19325 | -2/Protoforge | Spotted Executioner 19325 | -2/Protoforge | Spotted Striker 19325 | -2/Protoforge | Spotted Executioner 19325 | -2/Protoforge | Spotted Executioner 19325 | -2/Protoforge | Destroyed Executioner 19329 | -2/Protoforge | Destroyed Executioner 19329 | -2/Protoforge | Destroyed Executioner 19330 | -2/Protoforge | UFD reported confirmed Drillbomb installation 19350 | -2/Protoforge | Spotted Striker 19350 | -2/Protoforge | Spotted Executioner 19350 | -2/Protoforge | Destroyed Executioner 19366 | -2/Protoforge | Destroyed Striker 19371 | -2/Protoforge | Lost 3 allies 19391 | -2/Protoforge | Destroyed 15 combat bots 19425 | -2/Protoforge | Spotted Striker 19425 | -2/Protoforge | Spotted Executioner 19425 | -2/Protoforge | Spotted Executioner 19425 | -2/Protoforge | Spotted Striker 19426 | -2/Protoforge | Destroyed Executioner 19430 | -2/Protoforge | Destroyed Striker 19434 | -2/Protoforge | Destroyed Executioner 19450 | -2/Protoforge | Spotted Executioner 19450 | -2/Protoforge | Spotted Striker 19451 | -2/Protoforge | Destroyed Executioner 19465 | -2/Protoforge | Lost 3 allies 19489 | -2/Protoforge | Destroyed 9 combat bots 19525 | -2/Protoforge | Spotted Executioner 19525 | -2/Protoforge | Spotted Executioner 19525 | -2/Protoforge | Spotted Striker 19525 | -2/Protoforge | Spotted Striker 19527 | -2/Protoforge | Destroyed Executioner 19529 | -2/Protoforge | UFD reported confirmed Drillbomb installation 19534 | -2/Protoforge | Destroyed Executioner 19550 | -2/Protoforge | Spotted Executioner 19550 | -2/Protoforge | Spotted Executioner 19552 | -2/Protoforge | Destroyed Executioner 19581 | -2/Protoforge | Lost 5 allies 19599 | -2/Protoforge | UFD reported confirmed Drillbomb installation 19800 | -2/Protoforge | Spotted Striker 19803 | -2/Protoforge | UFD reported confirmed Drillbomb installation 19804 | -2/Protoforge | UFD began Drillbomb countdown 19804 | -2/Protoforge | Spotted Striker 19904 | *** | Defending 0bPrime! Last Messages --------------- 19895_ 0bP_NET: In T-9 this fine piece of machinery is all ours for the steep price of... many UFD lives. 19896_ 0bP_NET: But with it we will not only rebuild, we will wrest full control over 0b1 for ourselves! 19897_ 0bP_NET: What better way to punctuate our success than a blaze of glory, directed away from ourselves, of course. 19898_ 0bP_NET: Time for our final countdown to an explosive victory... 19899_ 0bP_NET: 5! 19900_ 0bP_NET: 4! 19901_ 0bP_NET: 3! 19902_ 0bP_NET: If you're in the wrong place at the wrong time, the wrong time being in just a moment, I'm sorry but prepare to die. 19903_ 0bP_NET: Otherwise, enjoy the show! [Achievement: Robotopia] [Achievement: Renaissance Bot] Map ----- +----------------------------------------------------+ | """"#?????????????????????# #??????????????????? | | #####?????????????????????# #??????????????????? | | ??????????????????????????# #??????????????????? | | ??????????????????????????; #??????????????????? | | ??????????????????????????;% #??????????????????? | | ??########################%% %###########????????? | | ?? % #????????? | | ?? "% % #????????? | | ? """ " % """"" #????????? | | ?" "" "" %% %"" #????????? | | "" " """ "" % #????????? | | " "" " " %% " #????????? | | """ " "% % " " #????????? | | " " " %%%% "#????????? | | " " " " %%% #????????? | | ??? "" " ""%%% [ +????????? | | ??"" "" ""% % * " +????????? | | """ " % %| " " #????????? | | """ " """ "%% % "!=""" "#???? ?? | | """" " " "" "" %%%% [= "#?? ?? | | " """ " % %% %% = #? ? | | " " " " """ % % %% [ "# ? | | " " " % %%%% "% # ? | | """"""""" % %%%%%%% ?? | | """"""""""""""" " ""%% %% ; ?? | | """"""""""""""""" " @%% % "% " #????????? | | """"""""""""""""""" %%%"%% % "#????????? | | """""""""""""""""""" % % %%%%! #????????? | | """"""""""""""""""""" %%%%%%%=%! "#????????? | | """""""""""""""""""""" % % % %! "#????????? | | """""""""""""""""""""""% %% %%%% ! "#????????? | | ?"""""""""""""""""""""" %%% " "#????????? | | """"""""""""""""""""""" % %"% " "#????????? | | """"""""""""""""""""""""%%%" % % "#????????? | | """"""""""""""""""""""""% %% "" "#????????? | | """"""""""""""""""""""""SS%% " "#????????? | | """"""""""""""""""""""""SS% % %% ##???????? | | """""""""""""""""""""""" % % ;#???????? | | """""""""""""""""""""""" s %% % % % ##???????? | | """"""""""""""""""""""""%% % % %%%#???????? | | """"""""""""""""""""""""s%%%% %% " % #???????? | | """"""""""""""""""""""""%E % ""% ##???????? | | """"""""""""""""""""""" %" %%% " %#????????? | | """"""""""""""""""""""" "" " %#????????? | | """"""""""""""""""""""" " %%"" #????????? | | """""""""""""""""""""" " SS%% % #????????? | | """"""""""""""""""""" " " " % "" #????????? | | """""""""""""""""""" % " % """" #????????? | | """""""""""""""""""% % " " """ #????????? | | """"""""""""""""" " %" " "" #????????? | +----------------------------------------------------+ Best States ------------- Heat Dissipation 71 Coolant Potential 50 Energy Generation 63 Energy Capacity 1650 Matter Stores 1050 Matter Capacity 1050 Sight Range 23 Robot Scan Range 16 Terrain Scan Range 24 Terrain Scan Density 1210 ECM Strength 1 Jamming Range 16 Armor Coverage 400 Resistance: KI 10 Resistance: TH 10 Resistance: P 20 Propulsion Shielding 66 Projectile Deflection 15 Phase Shifting 20 Evasion (%) 85 Targeting Accuracy 42 Core Analysis 15 Recoil Reduction 99 Particle Charging 50 Kinecelleration 66 Offensive Hacking 25 Defensive Hacking 14 Item Schematics ----------------- Imp. Flight Unit | -9/Materials | Scanalyzed Disposable Heat Sink | -9/Materials | Scanalyzed Hacking Suite | -9/Materials | Scanalyzed Assault Drone Bay | -5/Zhirov | Free Exp. Heat Sink | -5/Zhirov | Free Exp. Optical Array | -5/Zhirov | Free Imp. Arc Thrower | -5/Zhirov | Free Robot Schematics ------------------ None Fabricated ------------ Nothing Repaired ---------- Lgt. Cannon | 26% | -10/Materials Lgt. Treads | 49% | -10/Materials Enh. Autogun | 74% | -9/Materials Studied --------- Plasma Cutter | -9/Materials | Hacked Lrn. Missile Launcher | -6/Factory | Hacked Lgt. Angular Momentum Engine | -6/Factory | Hacked Mic. Fission Core | -4/Factory | Hacked Field Propulsion Drive | -4/Factory | Hacked Alien Tech Used ----------------- Integrated Reactor Transdimensional Reconstructor Integrated Mediator Concept Nanofilaments [Endoweave] Core Regenerator Achievements -------------- I'm Outta Here, Maybe Perfect Aim Red Leader Renaissance Bot Robotopia Challenges ------------ None Game ------ Seed HelicalLaserDisplacer Manual? 0 Play Time 06:20:40 Cumulative 711.2 hours Start 2026.04.15 @ 13:39:03 End 2026.04.15 @ 22:55:48 Sessions 7 Manual Loads 0 Difficulty Rogue Special Mode None Game No. 393 Rogue 393 Adventurer 0 Explorer 0 Win Type 9 Total 31 Types 15/1/6/2/1/1/1/2/1/1 Lore% 94 Gallery% 89 Achievement% 80 Wizard Run 0 Options --------- Layout 1 ASCII 0 Keyboard 0 Movement Numpad Keybinds 0 Fullscreen 2 Font 24/Smallcaps Map View 50x40 Zoom Use 0% Tactical HUD 1 Map Filters NONE Filters NONE Steam 1 RUN: 78551d7c-76db-44a8-932b-d02a17f524b2